Workbook
Name \0: #REF!
Name \00: #REF!
Name \a: #REF!
Name \a: #REF!
Name \AA: [1]LIQUIDACION!#REF!
Name \b: [2]STRSUMM0!#REF!
Name \bb: [2]STRSUMM0!#REF!
Name \E: #REF!
Name \EE: #REF!
Name \G: #REF!
Name \k: '[3]7422CW00'!#REF!
Name \l: [4]STRSUMM0!#REF!
Name \M: #REF!
Name \ñ: '[5]7422CW00'!#REF!
Name \P: #REF!
Name \R: #REF!
Name \s: #REF!
Name \s: #REF!
Name \V: #REF!
Name \X: 'INDICAR CÓDIGO DEL ITEM DE PAGO'!ERR
Name \X: [0]!ERR
Name \Z: 'INDICAR CÓDIGO DEL ITEM DE PAGO'!ERR
Name \Z: [0]!ERR
Name _________AFC1: [6]INV!$A$25:$D$28
Name _________AFC3: [6]INV!$F$25:$I$28
Name _________AFC5: [6]INV!$K$25:$N$28
Name _________BGC1: [6]INV!$A$5:$D$8
Name _________BGC3: [6]INV!$F$5:$I$8
Name _________BGC5: [6]INV!$K$5:$N$8
Name _________CAC1: [6]INV!$A$19:$D$22
Name _________CAC3: [6]INV!$F$19:$I$22
Name _________CAC5: [6]INV!$K$19:$N$22
Name _________PJ50: #REF!
Name _________PJ50: #REF!
Name _________SBC1: [6]INV!$A$12:$D$15
Name _________SBC3: [6]INV!$F$12:$I$15
Name _________SBC5: [6]INV!$K$12:$N$15
Name ________AFC1: [6]INV!$A$25:$D$28
Name ________AFC3: [6]INV!$F$25:$I$28
Name ________AFC5: [6]INV!$K$25:$N$28
Name ________BGC1: [6]INV!$A$5:$D$8
Name ________BGC3: [6]INV!$F$5:$I$8
Name ________BGC5: [6]INV!$K$5:$N$8
Name ________CAC1: [6]INV!$A$19:$D$22
Name ________CAC3: [6]INV!$F$19:$I$22
Name ________CAC5: [6]INV!$K$19:$N$22
Name ________MA2: #REF!
Name ________MA2: #REF!
Name ________PJ50: #REF!
Name ________PJ50: #REF!
Name ________SBC1: [6]INV!$A$12:$D$15
Name ________SBC3: [6]INV!$F$12:$I$15
Name ________SBC5: [6]INV!$K$12:$N$15
Name _______AFC1: [6]INV!$A$25:$D$28
Name _______AFC3: [6]INV!$F$25:$I$28
Name _______AFC5: [6]INV!$K$25:$N$28
Name _______BGC1: [6]INV!$A$5:$D$8
Name _______BGC3: [6]INV!$F$5:$I$8
Name _______BGC5: [6]INV!$K$5:$N$8
Name _______CAC1: [6]INV!$A$19:$D$22

Sheet PRESUPUESTO OFICIAL
C3: Formulario 1 - Propuesta económica - Documento tipo de licitación de obra pública de infraestructura de transporte - versión 4
C4: Código | D4: CCE-EICP-FM-14 | E4: Versión | F4: 4
C5: FORMULARIO 1
C6: PRESUPUESTO OFICIAL
C7: [La entidad puede utilizar este formulario de detalle del presupuesto oficial para determinar las condiciones bajo las cuales los proponentes analizarán y presentarán su propuesta económica de forma detallada, sin perjuicio que la entidad pueda modificarlo o establecer la presentación de la oferta económica con un formulario distinto al indicado.]
C9: Adicionalmente, cuando el proceso de contratación es estructurado por precios unitarios, la Entidad debe aplicar las notas 1, 2 y 3 del presente formulario y las casillas de "Descripción", "Porcentaje" de la Administración, Imprevisto, Utilidad y total A.I.U. resaltadas en color amarillo. Tratándose de otras modalidades de precio, la Entidad puede o no configurar los mismos aspectos.
C10: CONSTRUCCION, MANTENIMIENTO Y/O MEJORAMIENTO DE LAS VIAS URBANAS DE LAS COMUNAS 2 Y 3, Y DE LAS VIAS RURALES DE LOS CORREGIMIENTOS DE PUERTO VILLAMIZAR Y BUENA ESPERANZA, MUNICIPIO DE SAN JOSE DE CUCUTA (PRESUPUESTO PARTICIPATIVO).
C11: Nº | D11: ÍTEM DE PAGO | E11: ESPECIFICACIONES | G11: DESCRIPCIÓN | H11: UND. | I11: CANTIDAD | J11: VALOR UNITARIO | K11: VALOR TOTAL
E12: GENERAL | F12: PARTICULAR
D13: 1. REHABILITACION Y/O MANTENIMIENTO COMUNA 2
D14: REHABILITACION/MANTENIMIENTO EN ASFALTO
D15: 1 | G15: PRELIMINARES
D16: 1.01 | G16: Localizacion y replanteo | H16: m2 | I16: 1 | J16: 7213 | K16: =+I16*J16 -> 7213
D17: 1.02 | G17: Corte de pavimento existente | H17: m | I17: 1 | J17: 7868 | K17: =+I17*J17 -> 7868
D18: 1.03 | G18: Demolicion de pavimento existente | H18: m2 | I18: 1 | J18: 36623 | K18: =+I18*J18 -> 36623
D19: 1.04 | G19: Excavación mecánica en material sin clasificar | H19: m3 | I19: 1 | J19: 39182 | K19: =+ROUND(I19*J19,0) -> 39182
D20: 1.05 | G20: Conformación de subrasante | H20: m2 | I20: 1 | J20: 10002 | K20: =+ROUND(I20*J20,0) -> 10002
D21: 2 | G21: PAVIMENTO FLEXIBLE
D22: 2.01 | G22: Suministro e instalacion de piedra para mejoramiento de subrasante (incluye Suministro, Extendido, Nivelación y Compactación con Vibrocompactador, incluye transporte) | H22: m3 | I22: 1 | J22: 243072 | K22: =+I22*J22 -> 243072
D23: 2.02 | G23: Suministro e instalacion de Recebo para mejoramiento de subrasante (incluye Suministro, Extendido, Nivelación y Compactación con Vibrocompactador , incluye transporte) | H23: m3 | I23: 1 | J23: 166178 | K23: =+I23*J23 -> 166178
D24: 2.03 | G24: Sub Base granular (incluye Suministro, Extendido, Nivelación y Compactación con Vibrocompactador l, incluye transporte) | H24: m3 | I24: 1 | J24: 187357 | K24: =+I24*J24 -> 187357
D25: 2.04 | G25: Base granular (incluye Suministro, Extendido, Nivelación y Compactación con Vibrocompactador, incluye transporte) | H25: m3 | I25: 1 | J25: 202580 | K25: =+ROUND(I25*J25,0) -> 202580
D26: 2.05 | G26: Suministro y aplicación de emulsion para Imprimacion asfaltica CRL-1 | H26: m2 | I26: 1 | J26: 6529 | K26: =+ROUND(I26*J26,0) -> 6529
D27: 2.06 | G27: Mezcla densa caliente 19 REHABILITACION (incluye Suministro, Extendido, Nivelación y Compactación con Vibrocompactador, incluye transporte) | H27: m3 | I27: 1 | J27: 1571027 | K27: =+ROUND(I27*J27,0) -> 1571027
D28: 2.07 | G28: Suministro e instalacion de Recebo para mejoramiento de subrasante (MANTENIMIENTO) (incluye Suministro, Extendido, Nivelación y Compactación con Vibrocompactador manual, incluye transporte) | H28: m3 | I28: 1 | J28: 174293 | K28: =+ROUND(I28*J28,0) -> 174293
D29: 2.08 | G29: Sub Base granular (MANTENIMIENTO) (incluye Suministro, Extendido, Nivelación y Compactación con Vibrocompactador , incluye transporte) | H29: m3 | I29: 1 | J29: 195472 | K29: =+ROUND(I29*J29,0) -> 195472
D30: 2.09 | G30: Base granular (MANTENIMIENTO) (incluye Suministro, Extendido, Nivelación y Compactación con Vibrocompactador, incluye transporte) | H30: m3 | I30: 1 | J30: 210695 | K30: =+ROUND(I30*J30,0) -> 210695
D31: 2.1 | G31: Suministro y aplicación de emulsion para Imprimacion asfaltica CRL-1 (mantenimiento) | H31: m2 | I31: 1 | J31: 6826 | K31: =+ROUND(I31*J31,0) -> 6826
D32: 2.11 | G32: Mezcla densa caliente 19 (MANTENIMIENTO) (incluye Suministro, Extendido, Nivelación y Compactación con Vibrocompactador , incluye transporte) | H32: m3 | I32: 1 | J32: 1575175 | K32: =+ROUND(I32*J32,0) -> 1575175
D33: 2.12 | G33: Bordillo de 15x40 en concreto de 21 Mpa hecho en sitio (incluye refuerzo) | H33: m | I33: 1 | J33: 124061 | K33: =+ROUND(I33*J33,0) -> 124061
D34: 2.13 | G34: Realce de Pozos en concreto de 3000 psi (incluye demolición de concreto, mamposteria y refuerzo no incluye arotapa) | H34: und | I34: 1 | J34: 726287 | K34: =+ROUND(I34*J34,0) -> 726287
D35: 2.14 | G35: Retiro de material sobrante | H35: m3 | I35: 1 | J35: 39412 | K35: =+ROUND(I35*J35,0) -> 39412
D36: 2.15 | G36: Generacion y disposicion | H36: m3 | I36: 1 | J36: 17685 | K36: =+ROUND(I36*J36,0) -> 17685
... D38: 2.17 | G38: Demarcacion de linea <12 cm | H38: m | I38: 1 | J38: 4645 | K38: =+ROUND(I38*J38,0) -> 4645
D39: REHABILITACION/MANTENIMIENTO EN CONCRETO
D40: 3 | G40: PRELIMINARES
D41: 3.01 | G41: Localizacion y replanteo | H41: m2 | I41: 1 | J41: 7213 | K41: =+I41*J41 -> 7213
D42: 3.02 | G42: Corte de pavimento existente | H42: m | I42: 1 | J42: 7868 | K42: =+I42*J42 -> 7868
D43: 3.03 | G43: Demolicion de pavimento existente | H43: m2 | I43: 1 | J43: 36623 | K43: =+I43*J43 -> 36623
D44: 3.04 | G44: Excavación mecánica en material sin clasificar | H44: m3 | I44: 1 | J44: 39182 | K44: =+ROUND(I44*J44,0) -> 39182
D45: 3.05 | G45: Conformación de subrasante | H45: m2 | I45: 1 | J45: 10002 | K45: =+ROUND(I45*J45,0) -> 10002
D46: 4 | G46: ESTRUCTURA DEL PAVIMENTO
D47: 4.01 | G47: Suministro e instalacion de piedra para mejoramiento de subrasante (incluye Suministro, Extendido, Nivelación y Compactación con Vibrocompactador, incluye transporte) | H47: m3 | I47: 1 | J47: 243072 | K47: =+I47*J47 -> 243072
D48: 4.02 | G48: Suministro e instalacion de Recebo para mejoramiento de subrasante (incluye Suministro, Extendido, Nivelación y Compactación con Vibrocompactador , incluye transporte) | H48: m3 | I48: 1 | J48: 166178 | K48: =+I48*J48 -> 166178
D49: 4.03 | G49: Sub Base granular CONSTRUCCION (incluye Suministro, Extendido, Nivelación y Compactación con Vibrocompactador manual, incluye transporte) | H49: m3 | I49: 1 | J49: 187357 | K49: =+I49*J49 -> 187357
D50: 4.04 | G50: Base granular CONSTRUCCION (incluye Suministro, Extendido, Nivelación y Compactación con Vibrocompactador manual, incluye transporte) | H50: m3 | I50: 1 | J50: 202580 | K50: =+ROUND(I50*J50,0) -> 202580
D51: 4.05 | G51: Acero para barras pasa junta o dovelas | H51: kg | I51: 1 | J51: 11444 | K51: =+ROUND(I51*J51,0) -> 11444
D52: 4.06 | G52: Acero de refuerzo de 420 Mpa o (60,000 psi) | H52: kg | I52: 1 | J52: 11876 | K52: =+ROUND(I52*J52,0) -> 11876
D53: 4.07 | G53: Concreto Premezclado MR 38 - 4 pulgadas mantenimiento - 28 días CONSTRUCCION (incluye suministro, transporte, instalación de concreto)- (No incluye curado, cordón de espuma de polietileno, sellador de juntas, acero de barras pasajunta, barras de amarre ni acero canastilla) | H53: m3 | I53: 1 | J53: 1026969 | K53: =+ROUND(I53*J53,0) -> 1026969 | N53: =+J53/1.35 -> 760717.78 | O53: =+N53-450000 -> 310717.78 | P53: =+O53-200000 -> 110717.78
D54: 4.08 | G54: Concreto Premezclado MR 41 - 4 pulgadas mantenimiento - 28 días CONSTRUCCION (incluye suministro, transporte, instalación de concreto)- (No incluye curado, cordón de espuma de polietileno, sellador de juntas, acero de barras pasajunta, barras de amarre ni acero canastilla) | H54: m3 | I54: 1 | J54: 1081488 | K54: =+ROUND(I54*J54,0) -> 1081488
D55: 4.09 | G55: Corte de juntas de dilatacion menor a 8 cm | H55: m | I55: 1 | J55: 8340 | K55: =+ROUND(I55*J55,0) -> 8340
D56: 4.1 | G56: Cordón de espuma de polietileno y sellado de juntas de dilatacion | H56: m | I56: 1 | J56: 26571 | K56: =+ROUND(I56*J56,0) -> 26571
D57: 4.11 | G57: Suministro y aplicación de aditivo para curado de concreto | H57: m2 | I57: 1 | J57: 8142 | K57: =+ROUND(I57*J57,0) -> 8142
D58: 4.12 | G58: Bordillo de 15x40 en concreto de 21 Mpa hecho en sitio (incluye refuerzo) | H58: m | I58: 1 | J58: 124061 | K58: =+ROUND(I58*J58,0) -> 124061
D59: 4.13 | G59: Realce de Pozos en concreto de 3000 psi (incluye demolición de concreto, mamposteria y refuerzo no incluye arotapa) | H59: und | I59: 1 | J59: 726287 | K59: =+ROUND(I59*J59,0) -> 726287
D60: 4.14 | G60: Retiro de material sobrante | H60: m3 | I60: 1 | J60: 39412 | K60: =+ROUND(I60*J60,0) -> 39412
D61: 4.15 | G61: Generacion y disposicion | H61: m3 | I61: 1 | J61: 17685 | K61: =+ROUND(I61*J61,0) -> 17685
I62: SUBTOTAL COMUNA 2 | K62: =SUM(K16:K61) -> 9596552
D64: 2. REHABILITACION Y/O MANTENIMIENTO COMUNA 3
D65: REHABILITACION/MANTENIMIENTO EN ASFALTO
D66: 5 | G66: PRELIMINARES
D67: 5.01 | G67: Localizacion y replanteo | H67: m2 | I67: 1 | J67: 7213 | K67: =+I67*J67 -> 7213
D68: 5.02 | G68: Corte de pavimento existente | H68: m | I68: 1 | J68: 7868 | K68: =+I68*J68 -> 7868
D69: 5.03 | G69: Demolicion de pavimento existente | H69: m2 | I69: 1 | J69: 36623 | K69: =+I69*J69 -> 36623
D70: 5.04 | G70: Excavación mecánica en material sin clasificar | H70: m3 | I70: 1 | J70: 39182 | K70: =+ROUND(I70*J70,0) -> 39182
D71: 5.05 | G71: Conformación de subrasante | H71: m2 | I71: 1 | J71: 10002 | K71: =+ROUND(I71*J71,0) -> 10002
D72: 6 | G72: PAVIMENTO FLEXIBLE
D73: 6.01 | G73: Suministro e instalacion de piedra para mejoramiento de subrasante (incluye Suministro, Extendido, Nivelación y Compactación con Vibrocompactador, incluye transporte) | H73: m3 | I73: 1 | J73: 243072 | K73: =+I73*J73 -> 243072
D74: 6.02 | G74: Suministro e instalacion de Recebo para mejoramiento de subrasante (incluye Suministro, Extendido, Nivelación y Compactación con Vibrocompactador , incluye transporte) | H74: m3 | I74: 1 | J74: 166178 | K74: =+I74*J74 -> 166178
D75: 6.03 | G75: Sub Base granular (incluye Suministro, Extendido, Nivelación y Compactación con Vibrocompactador l, incluye transporte) | H75: m3 | I75: 1 | J75: 187357 | K75: =+I75*J75 -> 187357
D76: 6.04 | G76: Base granular (incluye Suministro, Extendido, Nivelación y Compactación con Vibrocompactador, incluye transporte) | H76: m3 | I76: 1 | J76: 202580 | K76: =+ROUND(I76*J76,0) -> 202580
D77: 6.05 | G77: Suministro y aplicación de emulsion para Imprimacion asfaltica CRL-1 | H77: m2 | I77: 1 | J77: 6529 | K77: =+ROUND(I77*J77,0) -> 6529
D78: 6.06 | G78: Mezcla densa caliente 19 REHABILITACION (incluye Suministro, Extendido, Nivelación y Compactación con Vibrocompactador, incluye transporte) | H78: m3 | I78: 1 | J78: 1571027 | K78: =+ROUND(I78*J78,0) -> 1571027
D79: 6.07 | G79: Suministro e instalacion de Recebo para mejoramiento de subrasante (MANTENIMIENTO) (incluye Suministro, Extendido, Nivelación y Compactación con Vibrocompactador manual, incluye transporte) | H79: m3 | I79: 1 | J79: 174293 | K79: =+ROUND(I79*J79,0) -> 174293
D80: 6.08 | G80: Sub Base granular (MANTENIMIENTO) (incluye Suministro, Extendido, Nivelación y Compactación con Vibrocompactador , incluye transporte) | H80: m3 | I80: 1 | J80: 195472 | K80: =+ROUND(I80*J80,0) -> 195472
D81: 6.09 | G81: Base granular (MANTENIMIENTO) (incluye Suministro, Extendido, Nivelación y Compactación con Vibrocompactador, incluye transporte) | H81: m3 | I81: 1 | J81: 210695 | K81: =+ROUND(I81*J81,0) -> 210695
D82: 6.1 | G82: Suministro y aplicación de emulsion para Imprimacion asfaltica CRL-1 (mantenimiento) | H82: m2 | I82: 1 | J82: 6826 | K82: =+ROUND(I82*J82,0) -> 6826
D83: 6.11 | G83: Mezcla densa caliente 19 (MANTENIMIENTO) (incluye Suministro, Extendido, Nivelación y Compactación con Vibrocompactador , incluye transporte) | H83: m3 | I83: 1 | J83: 1575175 | K83: =+ROUND(I83*J83,0) -> 1575175
D84: 6.12 | G84: Bordillo de 15x40 en concreto de 21 Mpa hecho en sitio (incluye refuerzo) | H84: m | I84: 1 | J84: 124061 | K84: =+ROUND(I84*J84,0) -> 124061
D85: 6.13 | G85: Realce de Pozos en concreto de 3000 psi (incluye demolición de concreto, mamposteria y refuerzo no incluye arotapa) | H85: und | I85: 1 | J85: 726287 | K85: =+ROUND(I85*J85,0) -> 726287
D86: 6.14 | G86: Retiro de material sobrante | H86: m3 | I86: 1 | J86: 39412 | K86: =+ROUND(I86*J86,0) -> 39412
D87: 6.15 | G87: Generacion y disposicion | H87: m3 | I87: 1 | J87: 17685 | K87: =+ROUND(I87*J87,0) -> 17685
... D89: 6.17 | G89: Demarcacion de linea <12 cm | H89: m | I89: 1 | J89: 4645 | K89: =+ROUND(I89*J89,0) -> 4645
D90: REHABILITACION/MANTENIMIENTO EN CONCRETO
D91: 7 | G91: PRELIMINARES
D92: 7.01 | G92: Localizacion y replanteo | H92: m2 | I92: 1 | J92: 7213 | K92: =+I92*J92 -> 7213
D93: 7.02 | G93: Corte de pavimento existente | H93: m | I93: 1 | J93: 7868 | K93: =+I93*J93 -> 7868
D94: 7.03 | G94: Demolicion de pavimento existente | H94: m2 | I94: 1 | J94: 36623 | K94: =+I94*J94 -> 36623
D95: 7.04 | G95: Excavación mecánica en material sin clasificar | H95: m3 | I95: 1 | J95: 39182 | K95: =+ROUND(I95*J95,0) -> 39182
D96: 7.05 | G96: Conformación de subrasante | H96: m2 | I96: 1 | J96: 10002 | K96: =+ROUND(I96*J96,0) -> 10002
D97: 8 | G97: ESTRUCTURA DEL PAVIMENTO
D98: 8.01 | G98: Suministro e instalacion de piedra para mejoramiento de subrasante (incluye Suministro, Extendido, Nivelación y Compactación con Vibrocompactador, incluye transporte) | H98: m3 | I98: 1 | J98: 243072 | K98: =+I98*J98 -> 243072
D99: 8.02 | G99: Suministro e instalacion de Recebo para mejoramiento de subrasante (incluye Suministro, Extendido, Nivelación y Compactación con Vibrocompactador , incluye transporte) | H99: m3 | I99: 1 | J99: 166178 | K99: =+I99*J99 -> 166178
D100: 8.03 | G100: Sub Base granular CONSTRUCCION (incluye Suministro, Extendido, Nivelación y Compactación con Vibrocompactador manual, incluye transporte) | H100: m3 | I100: 1 | J100: 187357 | K100: =+I100*J100 -> 187357
D101: 8.04 | G101: Base granular CONSTRUCCION (incluye Suministro, Extendido, Nivelación y Compactación con Vibrocompactador manual, incluye transporte) | H101: m3 | I101: 1 | J101: 202580 | K101: =+ROUND(I101*J101,0) -> 202580
D102: 8.05 | G102: Acero para barras pasa junta o dovelas | H102: kg | I102: 1 | J102: 11444 | K102: =+ROUND(I102*J102,0) -> 11444
D103: 8.06 | G103: Acero de refuerzo de 420 Mpa o (60,000 psi) | H103: kg | I103: 1 | J103: 11876 | K103: =+ROUND(I103*J103,0) -> 11876
D104: 8.07 | G104: Concreto Premezclado MR 38 - 4 pulgadas mantenimiento - 28 días CONSTRUCCION (incluye suministro, transporte, instalación de concreto)- (No incluye curado, cordón de espuma de polietileno, sellador de juntas, acero de barras pasajunta, barras de amarre ni acero canastilla) | H104: m3 | I104: 1 | J104: 1026969 | K104: =+ROUND(I104*J104,0) -> 1026969
D105: 8.08 | G105: Concreto Premezclado MR 41 - 4 pulgadas mantenimiento - 28 días CONSTRUCCION (incluye suministro, transporte, instalación de concreto)- (No incluye curado, cordón de espuma de polietileno, sellador de juntas, acero de barras pasajunta, barras de amarre ni acero canastilla) | H105: m3 | I105: 1 | J105: 1081488 | K105: =+ROUND(I105*J105,0) -> 1081488
D106: 8.09 | G106: Corte de juntas de dilatacion menor a 8 cm | H106: m | I106: 1 | J106: 8340 | K106: =+ROUND(I106*J106,0) -> 8340
...

Sheet OFERTA ECONOMICA
C3: Formulario 1 - Propuesta económica - Documento tipo de licitación de obra pública de infraestructura de transporte - versión 4
C4: Código | D4: CCE-EICP-FM-14 | E4: Versión | F4: 4
C5: FORMULARIO 1
C6: PROPUESTA ECONOMICA
C7: [La entidad puede utilizar este formulario de presentación de propuesta económica de forma detallada, sin perjuicio que la entidad pueda modificarlo o establecer la presentación de la oferta económica con un formulario distinto al indicado.] [Los proponentes emplearán el formulario establecido por la entidad para determinar su propuesta económica conforme al Formulario 1 - Presupuesto Oficial publicado por la Entidad]
C9: Cuando el proceso de contratación es estructurado por precios unitarios, la Entidad debe aplicar las notas 1, 2 y 3 del presente formato y las casillas de "Descripción", "Porcentaje" de la Administración, Imprevisto, Utilidad y total A.I.U. resaltadas en color amarillo.
C10: CONSTRUCCION, MANTENIMIENTO Y/O MEJORAMIENTO DE LAS VIAS URBANAS DE LAS COMUNAS 2 Y 3, Y DE LAS VIAS RURALES DE LOS CORREGIMIENTOS DE PUERTO VILLAMIZAR Y BUENA ESPERANZA, MUNICIPIO DE SAN JOSE DE CUCUTA (PRESUPUESTO PARTICIPATIVO)
C11: Nº | D11: ÍTEM DE PAGO | E11: GENERAL | F11: PARTICULAR | G11: DESCRIPCIÓN | H11: UND. | I11: CANTIDAD | J11: VALOR UNITARIO | K11: VALOR TOTAL
E12: GENERAL | F12: PARTICULAR
D13: 1. REHABILITACION Y/O MANTENIMIENTO COMUNA 2
D14: REHABILITACION/MANTENIMIENTO EN ASFALTO
D15: 1 | G15: PRELIMINARES
D16: 1.01 | G16: Localizacion y replanteo | H16: m2 | I16: 1 | J16: 7213 | K16: =+I16*J16 -> 7213 | O16: =D16='PRESUPUESTO OFICIAL'!D16 -> TRUE | P16: =E16='PRESUPUESTO OFICIAL'!E16 -> TRUE | Q16: =F16='PRESUPUESTO OFICIAL'!F16 -> TRUE | R16: =G16='PRESUPUESTO OFICIAL'!G16 -> TRUE | S16: =H16='PRESUPUESTO OFICIAL'!H16 -> TRUE | T16: =I16='PRESUPUESTO OFICIAL'!I16 -> TRUE | U16: =J16='PRESUPUESTO OFICIAL'!J16 -> TRUE | V16: =K16='PRESUPUESTO OFICIAL'!K16 -> TRUE
D17: 1.02 | G17: Corte de pavimento existente | H17: m | I17: 1 | J17: 7868 | K17: =+I17*J17 -> 7868 | O17: =D17='PRESUPUESTO OFICIAL'!D17 -> TRUE | P17: =E17='PRESUPUESTO OFICIAL'!E17 -> TRUE | Q17: =F17='PRESUPUESTO OFICIAL'!F17 -> TRUE | R17: =G17='PRESUPUESTO OFICIAL'!G17 -> TRUE | S17: =H17='PRESUPUESTO OFICIAL'!H17 -> TRUE | T17: =I17='PRESUPUESTO OFICIAL'!I17 -> TRUE | U17: =J17='PRESUPUESTO OFICIAL'!J17 -> TRUE | V17: =K17='PRESUPUESTO OFICIAL'!K17 -> TRUE
D18: 1.03 | G18: Demolicion de pavimento existente | H18: m2 | I18: 1 | J18: 36623 | K18: =+I18*J18 -> 36623 | O18: =D18='PRESUPUESTO OFICIAL'!D18 -> TRUE | P18: =E18='PRESUPUESTO OFICIAL'!E18 -> TRUE | Q18: =F18='PRESUPUESTO OFICIAL'!F18 -> TRUE | R18: =G18='PRESUPUESTO OFICIAL'!G18 -> TRUE | S18: =H18='PRESUPUESTO OFICIAL'!H18 -> TRUE | T18: =I18='PRESUPUESTO OFICIAL'!I18 -> TRUE | U18: =J18='PRESUPUESTO OFICIAL'!J18 -> TRUE | V18: =K18='PRESUPUESTO OFICIAL'!K18 -> TRUE
D19: 1.04 | G19: Excavación mecánica en material sin clasificar | H19: m3 | I19: 1 | J19: 39182 | K19: =+ROUND(I19*J19,0) -> 39182 | O19: =D19='PRESUPUESTO OFICIAL'!D19 -> TRUE | P19: =E19='PRESUPUESTO OFICIAL'!E19 -> TRUE | Q19: =F19='PRESUPUESTO OFICIAL'!F19 -> TRUE | R19: =G19='PRESUPUESTO OFICIAL'!G19 -> TRUE | S19: =H19='PRESUPUESTO OFICIAL'!H19 -> TRUE | T19: =I19='PRESUPUESTO OFICIAL'!I19 -> TRUE | U19: =J19='PRESUPUESTO OFICIAL'!J19 -> TRUE | V19: =K19='PRESUPUESTO OFICIAL'!K19 -> TRUE
D20: 1.05 | G20: Conformación de subrasante | H20: m2 | I20: 1 | J20: 10002 | K20: =+ROUND(I20*J20,0) -> 10002 | O20: =D20='PRESUPUESTO OFICIAL'!D20 -> TRUE | P20: =E20='PRESUPUESTO OFICIAL'!E20 -> TRUE | Q20: =F20='PRESUPUESTO OFICIAL'!F20 -> TRUE | R20: =G20='PRESUPUESTO OFICIAL'!G20 -> TRUE | S20: =H20='PRESUPUESTO OFICIAL'!H20 -> TRUE | T20: =I20='PRESUPUESTO OFICIAL'!I20 -> TRUE | U20: =J20='PRESUPUESTO OFICIAL'!J20 -> TRUE | V20: =K20='PRESUPUESTO OFICIAL'!K20 -> TRUE
D21: 2 | G21: PAVIMENTO FLEXIBLE | O21: =D21='PRESUPUESTO OFICIAL'!D21 -> TRUE | P21: =E21='PRESUPUESTO OFICIAL'!E21 -> TRUE | Q21: =F21='PRESUPUESTO OFICIAL'!F21 -> TRUE | R21: =G21='PRESUPUESTO OFICIAL'!G21 -> TRUE | S21: =H21='PRESUPUESTO OFICIAL'!H21 -> TRUE | T21: =I21='PRESUPUESTO OFICIAL'!I21 -> TRUE | U21: =J21='PRESUPUESTO OFICIAL'!J21 -> TRUE | V21: =K21='PRESUPUESTO OFICIAL'!K21 -> TRUE
D22: 2.01 | G22: Suministro e instalacion de piedra para mejoramiento de subrasante (incluye Suministro, Extendido, Nivelación y Compactación con Vibrocompactador, incluye transporte) | H22: m3 | I22: 1 | J22: 243072 | K22: =+I22*J22 -> 243072 | O22: =D22='PRESUPUESTO OFICIAL'!D22 -> TRUE | P22: =E22='PRESUPUESTO OFICIAL'!E22 -> TRUE | Q22: =F22='PRESUPUESTO OFICIAL'!F22 -> TRUE | R22: =G22='PRESUPUESTO OFICIAL'!G22 -> TRUE | S22: =H22='PRESUPUESTO OFICIAL'!H22 -> TRUE | T22: =I22='PRESUPUESTO OFICIAL'!I22 -> TRUE | U22: =J22='PRESUPUESTO OFICIAL'!J22 -> TRUE | V22: =K22='PRESUPUESTO OFICIAL'!K22 -> TRUE
D23: 2.02 | G23: Suministro e instalacion de Recebo para mejoramiento de subrasante (incluye Suministro, Extendido, Nivelación y Compactación con Vibrocompactador , incluye transporte) | H23: m3 | I23: 1 | J23: 166178 | K23: =+I23*J23 -> 166178 | O23: =D23='PRESUPUESTO OFICIAL'!D23 -> TRUE | P23: =E23='PRESUPUESTO OFICIAL'!E23 -> TRUE | Q23: =F23='PRESUPUESTO OFICIAL'!F23 -> TRUE | R23: =G23='PRESUPUESTO OFICIAL'!G23 -> TRUE | S23: =H23='PRESUPUESTO OFICIAL'!H23 -> TRUE | T23: =I23='PRESUPUESTO OFICIAL'!I23 -> TRUE | U23: =J23='PRESUPUESTO OFICIAL'!J23 -> TRUE | V23: =K23='PRESUPUESTO OFICIAL'!K23 -> TRUE
D24: 2.03 | G24: Sub Base granular (incluye Suministro, Extendido, Nivelación y Compactación con Vibrocompactador l, incluye transporte) | H24: m3 | I24: 1 | J24: 187357 | K24: =+I24*J24 -> 187357 | O24: =D24='PRESUPUESTO OFICIAL'!D24 -> TRUE | P24: =E24='PRESUPUESTO OFICIAL'!E24 -> TRUE | Q24: =F24='PRESUPUESTO OFICIAL'!F24 -> TRUE | R24: =G24='PRESUPUESTO OFICIAL'!G24 -> TRUE | S24: =H24='PRESUPUESTO OFICIAL'!H24 -> TRUE | T24: =I24='PRESUPUESTO OFICIAL'!I24 -> TRUE | U24: =J24='PRESUPUESTO OFICIAL'!J24 -> TRUE | V24: =K24='PRESUPUESTO OFICIAL'!K24 -> TRUE
D25: 2.04 | G25: Base granular (incluye Suministro, Extendido, Nivelación y Compactación con Vibrocompactador, incluye transporte) | H25: m3 | I25: 1 | J25: 202580 | K25: =+ROUND(I25*J25,0) -> 202580 | O25: =D25='PRESUPUESTO OFICIAL'!D25 -> TRUE | P25: =E25='PRESUPUESTO OFICIAL'!E25 -> TRUE | Q25: =F25='PRESUPUESTO OFICIAL'!F25 -> TRUE | R25: =G25='PRESUPUESTO OFICIAL'!G25 -> TRUE | S25: =H25='PRESUPUESTO OFICIAL'!H25 -> TRUE | T25: =I25='PRESUPUESTO OFICIAL'!I25 -> TRUE | U25: =J25='PRESUPUESTO OFICIAL'!J25 -> TRUE | V25: =K25='PRESUPUESTO OFICIAL'!K25 -> TRUE
D26: 2.05 | G26: Suministro y aplicación de emulsion para Imprimacion asfaltica CRL-1 | H26: m2 | I26: 1 | J26: 6529 | K26: =+ROUND(I26*J26,0) -> 6529 | O26: =D26='PRESUPUESTO OFICIAL'!D26 -> TRUE | P26: =E26='PRESUPUESTO OFICIAL'!E26 -> TRUE | Q26: =F26='PRESUPUESTO OFICIAL'!F26 -> TRUE | R26: =G26='PRESUPUESTO OFICIAL'!G26 -> TRUE | S26: =H26='PRESUPUESTO OFICIAL'!H26 -> TRUE | T26: =I26='PRESUPUESTO OFICIAL'!I26 -> TRUE | U26: =J26='PRESUPUESTO OFICIAL'!J26 -> TRUE | V26: =K26='PRESUPUESTO OFICIAL'!K26 -> TRUE
D27: 2.06 | G27: Mezcla densa caliente 19 REHABILITACION (incluye Suministro, Extendido, Nivelación y Compactación con Vibrocompactador, incluye transporte) | H27: m3 | I27: 1 | J27: 1571027 | K27: =+ROUND(I27*J27,0) -> 1571027 | O27: =D27='PRESUPUESTO OFICIAL'!D27 -> TRUE | P27: =E27='PRESUPUESTO OFICIAL'!E27 -> TRUE | Q27: =F27='PRESUPUESTO OFICIAL'!F27 -> TRUE | R27: =G27='PRESUPUESTO OFICIAL'!G27 -> TRUE | S27: =H27='PRESUPUESTO OFICIAL'!H27 -> TRUE | T27: =I27='PRESUPUESTO OFICIAL'!I27 -> TRUE | U27: =J27='PRESUPUESTO OFICIAL'!J27 -> TRUE | V27: =K27='PRESUPUESTO OFICIAL'!K27 -> TRUE
D28: 2.07 | G28: Suministro e instalacion de Recebo para mejoramiento de subrasante (MANTENIMIENTO) (incluye Suministro, Extendido, Nivelación y Compactación con Vibrocompactador manual, incluye transporte) | H28: m3 | I28: 1 | J28: 174293 | K28: =+ROUND(I28*J28,0) -> 174293 | O28: =D28='PRESUPUESTO OFICIAL'!D28 -> TRUE | P28: =E28='PRESUPUESTO OFICIAL'!E28 -> TRUE | Q28: =F28='PRESUPUESTO OFICIAL'!F28 -> TRUE | R28: =G28='PRESUPUESTO OFICIAL'!G28 -> TRUE | S28: =H28='PRESUPUESTO OFICIAL'!H28 -> TRUE | T28: =I28='PRESUPUESTO OFICIAL'!I28 -> TRUE | U28: =J28='PRESUPUESTO OFICIAL'!J28 -> TRUE | V28: =K28='PRESUPUESTO OFICIAL'!K28 -> TRUE
D29: 2.08 | G29: Sub Base granular (MANTENIMIENTO) (incluye Suministro, Extendido, Nivelación y Compactación con Vibrocompactador , incluye transporte) | H29: m3 | I29: 1 | J29: 195472 | K29: =+ROUND(I29*J29,0) -> 195472 | O29: =D29='PRESUPUESTO OFICIAL'!D29 -> TRUE | P29: =E29='PRESUPUESTO OFICIAL'!E29 -> TRUE | Q29: =F29='PRESUPUESTO OFICIAL'!F29 -> TRUE | R29: =G29='PRESUPUESTO OFICIAL'!G29 -> TRUE | S29: =H29='PRESUPUESTO OFICIAL'!H29 -> TRUE | T29: =I29='PRESUPUESTO OFICIAL'!I29 -> TRUE | U29: =J29='PRESUPUESTO OFICIAL'!J29 -> TRUE | V29: =K29='PRESUPUESTO OFICIAL'!K29 -> TRUE
D30: 2.09 | G30: Base granular (MANTENIMIENTO) (incluye Suministro, Extendido, Nivelación y Compactación con Vibrocompactador, incluye transporte) | H30: m3 | I30: 1 | J30: 210695 | K30: =+ROUND(I30*J30,0) -> 210695 | O30: =D30='PRESUPUESTO OFICIAL'!D30 -> TRUE | P30: =E30='PRESUPUESTO OFICIAL'!E30 -> TRUE | Q30: =F30='PRESUPUESTO OFICIAL'!F30 -> TRUE | R30: =G30='PRESUPUESTO OFICIAL'!G30 -> TRUE | S30: =H30='PRESUPUESTO OFICIAL'!H30 -> TRUE | T30: =I30='PRESUPUESTO OFICIAL'!I30 -> TRUE | U30: =J30='PRESUPUESTO OFICIAL'!J30 -> TRUE | V30: =K30='PRESUPUESTO OFICIAL'!K30 -> TRUE
D31: 2.1 | G31: Suministro y aplicación de emulsion para Imprimacion asfaltica CRL-1 (mantenimiento) | H31: m2 | I31: 1 | J31: 6826 | K31: =+ROUND(I31*J31,0) -> 6826 | O31: =D31='PRESUPUESTO OFICIAL'!D31 -> TRUE | P31: =E31='PRESUPUESTO OFICIAL'!E31 -> TRUE | Q31: =F31='PRESUPUESTO OFICIAL'!F31 -> TRUE | R31: =G31='PRESUPUESTO OFICIAL'!G31 -> TRUE | S31: =H31='PRESUPUESTO OFICIAL'!H31 -> TRUE | T31: =I31='PRESUPUESTO OFICIAL'!I31 -> TRUE | U31: =J31='PRESUPUESTO OFICIAL'!J31 -> TRUE | V31: =K31='PRESUPUESTO OFICIAL'!K31 -> TRUE
D32: 2.11 | G32: Mezcla densa caliente 19 (MANTENIMIENTO) (incluye Suministro, Extendido, Nivelación y Compactación con Vibrocompactador , incluye transporte) | H32: m3 | I32: 1 | J32: 1575175 | K32: =+ROUND(I32*J32,0) -> 1575175 | O32: =D32='PRESUPUESTO OFICIAL'!D32 -> TRUE | P32: =E32='PRESUPUESTO OFICIAL'!E32 -> TRUE | Q32: =F32='PRESUPUESTO OFICIAL'!F32 -> TRUE | R32: =G32='PRESUPUESTO OFICIAL'!G32 -> TRUE | S32: =H32='PRESUPUESTO OFICIAL'!H32 -> TRUE | T32: =I32='PRESUPUESTO OFICIAL'!I32 -> TRUE | U32: =J32='PRESUPUESTO OFICIAL'!J32 -> TRUE | V32: =K32='PRESUPUESTO OFICIAL'!K32 -> TRUE
D33: 2.12 | G33: Bordillo de 15x40 en concreto de 21 Mpa hecho en sitio (incluye refuerzo) | H33: m | I33: 1 | J33: 124061 | K33: =+ROUND(I33*J33,0) -> 124061 | O33: =D33='PRESUPUESTO OFICIAL'!D33 -> TRUE | P33: =E33='PRESUPUESTO OFICIAL'!E33 -> TRUE | Q33: =F33='PRESUPUESTO OFICIAL'!F33 -> TRUE | R33: =G33='PRESUPUESTO OFICIAL'!G33 -> TRUE | S33: =H33='PRESUPUESTO OFICIAL'!H33 -> TRUE | T33: =I33='PRESUPUESTO OFICIAL'!I33 -> TRUE | U33: =J33='PRESUPUESTO OFICIAL'!J33 -> TRUE | V33: =K33='PRESUPUESTO OFICIAL'!K33 -> TRUE
D34: 2.13 | G34: Realce de Pozos en concreto de 3000 psi (incluye demolición de concreto, mamposteria y refuerzo no incluye arotapa) | H34: und | I34: 1 | J34: 726287 | K34: =+ROUND(I34*J34,0) -> 726287 | O34: =D34='PRESUPUESTO OFICIAL'!D34 -> TRUE | P34: =E34='PRESUPUESTO OFICIAL'!E34 -> TRUE | Q34: =F34='PRESUPUESTO OFICIAL'!F34 -> TRUE | R34: =G34='PRESUPUESTO OFICIAL'!G34 -> TRUE | S34: =H34='PRESUPUESTO OFICIAL'!H34 -> TRUE | T34: =I34='PRESUPUESTO OFICIAL'!I34 -> TRUE | U34: =J34='PRESUPUESTO OFICIAL'!J34 -> TRUE | V34: =K34='PRESUPUESTO OFICIAL'!K34 -> TRUE
D35: 2.14 | G35: Retiro de material sobrante | H35: m3 | I35: 1 | J35: 39412 | K35: =+ROUND(I35*J35,0) -> 39412 | O35: =D35='PRESUPUESTO OFICIAL'!D35 -> TRUE | P35: =E35='PRESUPUESTO OFICIAL'!E35 -> TRUE | Q35: =F35='PRESUPUESTO OFICIAL'!F35 -> TRUE | R35: =G35='PRESUPUESTO OFICIAL'!G35 -> TRUE | S35: =H35='PRESUPUESTO OFICIAL'!H35 -> TRUE | T35: =I35='PRESUPUESTO OFICIAL'!I35 -> TRUE | U35: =J35='PRESUPUESTO OFICIAL'!J35 -> TRUE | V35: =K35='PRESUPUESTO OFICIAL'!K35 -> TRUE
D36: 2.15 | G36: Generacion y disposicion | H36: m3 | I36: 1 | J36: 17685 | K36: =+ROUND(I36*J36,0) -> 17685 | O36: =D36='PRESUPUESTO OFICIAL'!D36 -> TRUE | P36: =E36='PRESUPUESTO OFICIAL'!E36 -> TRUE | Q36: =F36='PRESUPUESTO OFICIAL'!F36 -> TRUE | R36: =G36='PRESUPUESTO OFICIAL'!G36 -> TRUE | S36: =H36='PRESUPUESTO OFICIAL'!H36 -> TRUE | T36: =I36='PRESUPUESTO OFICIAL'!I36 -> TRUE | U36: =J36='PRESUPUESTO OFICIAL'!J36 -> TRUE | V36: =K36='PRESUPUESTO OFICIAL'!K36 -> TRUE
... D38: 2.17 | G38: Demarcacion de linea <12 cm | H38: m | I38: 1 | J38: 4645 | K38: =+ROUND(I38*J38,0) -> 4645 | O38: =D38='PRESUPUESTO OFICIAL'!D38 -> TRUE | P38: =E38='PRESUPUESTO OFICIAL'!E38 -> TRUE | Q38: =F38='PRESUPUESTO OFICIAL'!F38 -> TRUE | R38: =G38='PRESUPUESTO OFICIAL'!G38 -> TRUE | S38: =H38='PRESUPUESTO OFICIAL'!H38 -> TRUE | T38: =I38='PRESUPUESTO OFICIAL'!I38 -> TRUE | U38: =J38='PRESUPUESTO OFICIAL'!J38 -> TRUE | V38: =K38='PRESUPUESTO OFICIAL'!K38 -> TRUE
D39: REHABILITACION/MANTENIMIENTO EN CONCRETO | O39: =D39='PRESUPUESTO OFICIAL'!D39 -> TRUE | P39: =E39='PRESUPUESTO OFICIAL'!E39 -> TRUE | Q39: =F39='PRESUPUESTO OFICIAL'!F39 -> TRUE | R39: =G39='PRESUPUESTO OFICIAL'!G39 -> TRUE | S39: =H39='PRESUPUESTO OFICIAL'!H39 -> TRUE | T39: =I39='PRESUPUESTO OFICIAL'!I39 -> TRUE | U39: =J39='PRESUPUESTO OFICIAL'!J39 -> TRUE | V39: =K39='PRESUPUESTO OFICIAL'!K39 -> TRUE
D40: 3 | G40: PRELIMINARES | O40: =D40='PRESUPUESTO OFICIAL'!D40 -> TRUE | P40: =E40='PRESUPUESTO OFICIAL'!E40 -> TRUE | Q40: =F40='PRESUPUESTO OFICIAL'!F40 -> TRUE | R40: =G40='PRESUPUESTO OFICIAL'!G40 -> TRUE | S40: =H40='PRESUPUESTO OFICIAL'!H40 -> TRUE | T40: =I40='PRESUPUESTO OFICIAL'!I40 -> TRUE | U40: =J40='PRESUPUESTO OFICIAL'!J40 -> TRUE | V40: =K40='PRESUPUESTO OFICIAL'!K40 -> TRUE
D41: 3.01 | G41: Localizacion y replanteo | H41: m2 | I41: 1 | J41: 7213 | K41: =+I41*J41 -> 7213 | O41: =D41='PRESUPUESTO OFICIAL'!D41 -> TRUE | P41: =E41='PRESUPUESTO OFICIAL'!E41 -> TRUE | Q41: =F41='PRESUPUESTO OFICIAL'!F41 -> TRUE | R41: =G41='PRESUPUESTO OFICIAL'!G41 -> TRUE | S41: =H41='PRESUPUESTO OFICIAL'!H41 -> TRUE | T41: =I41='PRESUPUESTO OFICIAL'!I41 -> TRUE | U41: =J41='PRESUPUESTO OFICIAL'!J41 -> TRUE | V41: =K41='PRESUPUESTO OFICIAL'!K41 -> TRUE
D42: 3.02 | G42: Corte de pavimento existente | H42: m | I42: 1 | J42: 7868 | K42: =+I42*J42 -> 7868 | O42: =D42='PRESUPUESTO OFICIAL'!D42 -> TRUE | P42: =E42='PRESUPUESTO OFICIAL'!E42 -> TRUE | Q42: =F42='PRESUPUESTO OFICIAL'!F42 -> TRUE | R42: =G42='PRESUPUESTO OFICIAL'!G42 -> TRUE | S42: =H42='PRESUPUESTO OFICIAL'!H42 -> TRUE | T42: =I42='PRESUPUESTO OFICIAL'!I42 -> TRUE | U42: =J42='PRESUPUESTO OFICIAL'!J42 -> TRUE | V42: =K42='PRESUPUESTO OFICIAL'!K42 -> TRUE
D43: 3.03 | G43: Demolicion de pavimento existente | H43: m2 | I43: 1 | J43: 36623 | K43: =+I43*J43 -> 36623 | O43: =D43='PRESUPUESTO OFICIAL'!D43 -> TRUE | P43: =E43='PRESUPUESTO OFICIAL'!E43 -> TRUE | Q43: =F43='PRESUPUESTO OFICIAL'!F43 -> TRUE | R43: =G43='PRESUPUESTO OFICIAL'!G43 -> TRUE | S43: =H43='PRESUPUESTO OFICIAL'!H43 -> TRUE | T43: =I43='PRESUPUESTO OFICIAL'!I43 -> TRUE | U43: =J43='PRESUPUESTO OFICIAL'!J43 -> TRUE | V43: =K43='PRESUPUESTO OFICIAL'!K43 -> TRUE
D44: 3.04 | G44: Excavación mecánica en material sin clasificar | H44: m3 | I44: 1 | J44: 39182 | K44: =+ROUND(I44*J44,0) -> 39182 | O44: =D44='PRESUPUESTO OFICIAL'!D44 -> TRUE | P44: =E44='PRESUPUESTO OFICIAL'!E44 -> TRUE | Q44: =F44='PRESUPUESTO OFICIAL'!F44 -> TRUE | R44: =G44='PRESUPUESTO OFICIAL'!G44 -> TRUE | S44: =H44='PRESUPUESTO OFICIAL'!H44 -> TRUE | T44: =I44='PRESUPUESTO OFICIAL'!I44 -> TRUE | U44: =J44='PRESUPUESTO OFICIAL'!J44 -> TRUE | V44: =K44='PRESUPUESTO OFICIAL'!K44 -> TRUE
D45: 3.05 | G45: Conformación de subrasante | H45: m2 | I45: 1 | J45: 10002 | K45: =+ROUND(I45*J45,0) -> 10002 | O45: =D45='PRESUPUESTO OFICIAL'!D45 -> TRUE | P45: =E45='PRESUPUESTO OFICIAL'!E45 -> TRUE | Q45: =F45='PRESUPUESTO OFICIAL'!F45 -> TRUE | R45: =G45='PRESUPUESTO OFICIAL'!G45 -> TRUE | S45: =H45='PRESUPUESTO OFICIAL'!H45 -> TRUE | T45: =I45='PRESUPUESTO OFICIAL'!I45 -> TRUE | U45: =J45='PRESUPUESTO OFICIAL'!J45 -> TRUE | V45: =K45='PRESUPUESTO OFICIAL'!K45 -> TRUE
D46: 4 | G46: ESTRUCTURA DEL PAVIMENTO | O46: =D46='PRESUPUESTO OFICIAL'!D46 -> TRUE | P46: =E46='PRESUPUESTO OFICIAL'!E46 -> TRUE | Q46: =F46='PRESUPUESTO OFICIAL'!F46 -> TRUE | R46: =G46='PRESUPUESTO OFICIAL'!G46 -> TRUE | S46: =H46='PRESUPUESTO OFICIAL'!H46 -> TRUE | T46: =I46='PRESUPUESTO OFICIAL'!I46 -> TRUE | U46: =J46='PRESUPUESTO OFICIAL'!J46 -> TRUE | V46: =K46='PRESUPUESTO OFICIAL'!K46 -> TRUE
D47: 4.01 | G47: Suministro e instalacion de piedra para mejoramiento de subrasante (incluye Suministro, Extendido, Nivelación y Compactación con Vibrocompactador, incluye transporte) | H47: m3 | I47: 1 | J47: 243072 | K47: =+I47*J47 -> 243072 | O47: =D47='PRESUPUESTO OFICIAL'!D47 -> TRUE | P47: =E47='PRESUPUESTO OFICIAL'!E47 -> TRUE | Q47: =F47='PRESUPUESTO OFICIAL'!F47 -> TRUE | R47: =G47='PRESUPUESTO OFICIAL'!G47 -> TRUE | S47: =H47='PRESUPUESTO OFICIAL'!H47 -> TRUE | T47: =I47='PRESUPUESTO OFICIAL'!I47 -> TRUE | U47: =J47='PRESUPUESTO OFICIAL'!J47 -> TRUE | V47: =K47='PRESUPUESTO OFICIAL'!K47 -> TRUE
D48: 4.02 | G48: Suministro e instalacion de Recebo para mejoramiento de subrasante (incluye Suministro, Extendido, Nivelación y Compactación con Vibrocompactador , incluye transporte) | H48: m3 | I48: 1 | J48: 166178 | K48: =+I48*J48 -> 166178 | O48: =D48='PRESUPUESTO OFICIAL'!D48 -> TRUE | P48: =E48='PRESUPUESTO OFICIAL'!E48 -> TRUE | Q48: =F48='PRESUPUESTO OFICIAL'!F48 -> TRUE | R48: =G48='PRESUPUESTO OFICIAL'!G48 -> TRUE | S48: =H48='PRESUPUESTO OFICIAL'!H48 -> TRUE | T48: =I48='PRESUPUESTO OFICIAL'!I48 -> TRUE | U48: =J48='PRESUPUESTO OFICIAL'!J48 -> TRUE | V48: =K48='PRESUPUESTO OFICIAL'!K48 -> TRUE
D49: 4.03 | G49: Sub Base granular CONSTRUCCION (incluye Suministro, Extendido, Nivelación y Compactación con Vibrocompactador manual, incluye transporte) | H49: m3 | I49: 1 | J49: 187357 | K49: =+I49*J49 -> 187357 | O49: =D49='PRESUPUESTO OFICIAL'!D49 -> TRUE | P49: =E49='PRESUPUESTO OFICIAL'!E49 -> TRUE | Q49: =F49='PRESUPUESTO OFICIAL'!F49 -> TRUE | R49: =G49='PRESUPUESTO OFICIAL'!G49 -> TRUE | S49: =H49='PRESUPUESTO OFICIAL'!H49 -> TRUE | T49: =I49='PRESUPUESTO OFICIAL'!I49 -> TRUE | U49: =J49='PRESUPUESTO OFICIAL'!J49 -> TRUE | V49: =K49='PRESUPUESTO OFICIAL'!K49 -> TRUE
D50: 4.04 | G50: Base granular CONSTRUCCION (incluye Suministro, Extendido, Nivelación y Compactación con Vibrocompactador manual, incluye transporte) | H50: m3 | I50: 1 | J50: 202580 | K50: =+ROUND(I50*J50,0) -> 202580 | O50: =D50='PRESUPUESTO OFICIAL'!D50 -> TRUE | P50: =E50='PRESUPUESTO OFICIAL'!E50 -> TRUE | Q50: =F50='PRESUPUESTO OFICIAL'!F50 -> TRUE | R50: =G50='PRESUPUESTO OFICIAL'!G50 -> TRUE | S50: =H50='PRESUPUESTO OFICIAL'!H50 -> TRUE | T50: =I50='PRESUPUESTO OFICIAL'!I50 -> TRUE | U50: =J50='PRESUPUESTO OFICIAL'!J50 -> TRUE | V50: =K50='PRESUPUESTO OFICIAL'!K50 -> TRUE
D51: 4.05 | G51: Acero para barras pasa junta o dovelas | H51: kg | I51: 1 | J51: 11444 | K51: =+ROUND(I51*J51,0) -> 11444 | O51: =D51='PRESUPUESTO OFICIAL'!D51 -> TRUE | P51: =E51='PRESUPUESTO OFICIAL'!E51 -> TRUE | Q51: =F51='PRESUPUESTO OFICIAL'!F51 -> TRUE | R51: =G51='PRESUPUESTO OFICIAL'!G51 -> TRUE | S51: =H51='PRESUPUESTO OFICIAL'!H51 -> TRUE | T51: =I51='PRESUPUESTO OFICIAL'!I51 -> TRUE | U51: =J51='PRESUPUESTO OFICIAL'!J51 -> TRUE | V51: =K51='PRESUPUESTO OFICIAL'!K51 -> TRUE
D52: 4.06 | G52: Acero de refuerzo de 420 Mpa o (60,000 psi) | H52: kg | I52: 1 | J52: 11876 | K52: =+ROUND(I52*J52,0) -> 11876 | O52: =D52='PRESUPUESTO OFICIAL'!D52 -> TRUE | P52: =E52='PRESUPUESTO OFICIAL'!E52 -> TRUE | Q52: =F52='PRESUPUESTO OFICIAL'!F52 -> TRUE | R52: =G52='PRESUPUESTO OFICIAL'!G52 -> TRUE | S52: =H52='PRESUPUESTO OFICIAL'!H52 -> TRUE | T52: =I52='PRESUPUESTO OFICIAL'!I52 -> TRUE | U52: =J52='PRESUPUESTO OFICIAL'!J52 -> TRUE | V52: =K52='PRESUPUESTO OFICIAL'!K52 -> TRUE
D53: 4.07 | G53: Concreto Premezclado MR 38 - 4 pulgadas mantenimiento - 28 días CONSTRUCCION (incluye suministro, transporte, instalación de concreto)- (No incluye curado, cordón de espuma de polietileno, sellador de juntas, acero de barras pasajunta, barras de amarre ni acero canastilla) | H53: m3 | I53: 1 | J53: 1026969 | K53: =+ROUND(I53*J53,0) -> 1026969 | N53: =+J53/1.35 -> 760717.78 | O53: =D53='PRESUPUESTO OFICIAL'!D53 -> TRUE | P53: =E53='PRESUPUESTO OFICIAL'!E53 -> TRUE | Q53: =F53='PRESUPUESTO OFICIAL'!F53 -> TRUE | R53: =G53='PRESUPUESTO OFICIAL'!G53 -> TRUE | S53: =H53='PRESUPUESTO OFICIAL'!H53 -> TRUE | T53: =I53='PRESUPUESTO OFICIAL'!I53 -> TRUE | U53: =J53='PRESUPUESTO OFICIAL'!J53 -> TRUE | V53: =K53='PRESUPUESTO OFICIAL'!K53 -> TRUE
D54: 4.08 | G54: Concreto Premezclado MR 41 - 4 pulgadas mantenimiento - 28 días CONSTRUCCION (incluye suministro, transporte, instalación de concreto)- (No incluye curado, cordón de espuma de polietileno, sellador de juntas, acero de barras pasajunta, barras de amarre ni acero canastilla) | H54: m3 | I54: 1 | J54: 1081488 | K54: =+ROUND(I54*J54,0) -> 1081488 | O54: =D54='PRESUPUESTO OFICIAL'!D54 -> TRUE | P54: =E54='PRESUPUESTO OFICIAL'!E54 -> TRUE | Q54: =F54='PRESUPUESTO OFICIAL'!F54 -> TRUE | R54: =G54='PRESUPUESTO OFICIAL'!G54 -> TRUE | S54: =H54='PRESUPUESTO OFICIAL'!H54 -> TRUE | T54: =I54='PRESUPUESTO OFICIAL'!I54 -> TRUE | U54: =J54='PRESUPUESTO OFICIAL'!J54 -> TRUE | V54: =K54='PRESUPUESTO OFICIAL'!K54 -> TRUE
D55: 4.09 | G55: Corte de juntas de dilatacion menor a 8 cm | H55: m | I55: 1 | J55: 8340 | K55: =+ROUND(I55*J55,0) -> 8340 | O55: =D55='PRESUPUESTO OFICIAL'!D55 -> TRUE | P55: =E55='PRESUPUESTO OFICIAL'!E55 -> TRUE | Q55: =F55='PRESUPUESTO OFICIAL'!F55 -> TRUE | R55: =G55='PRESUPUESTO OFICIAL'!G55 -> TRUE | S55: =H55='PRESUPUESTO OFICIAL'!H55 -> TRUE | T55: =I55='PRESUPUESTO OFICIAL'!I55 -> TRUE | U55: =J55='PRESUPUESTO OFICIAL'!J55 -> TRUE | V55: =K55='PRESUPUESTO OFICIAL'!K55 -> TRUE
D56: 4.1 | G56: Cordón de espuma de polietileno y sellado de juntas de dilatacion | H56: m | I56: 1 | J56: 26571 | K56: =+ROUND(I56*J56,0) -> 26571 | O56: =D56='PRESUPUESTO OFICIAL'!D56 -> TRUE | P56: =E56='PRESUPUESTO OFICIAL'!E56 -> TRUE | Q56: =F56='PRESUPUESTO OFICIAL'!F56 -> TRUE | R56: =G56='PRESUPUESTO OFICIAL'!G56 -> TRUE | S56: =H56='PRESUPUESTO OFICIAL'!H56 -> TRUE | T56: =I56='PRESUPUESTO OFICIAL'!I56 -> TRUE | U56: =J56='PRESUPUESTO OFICIAL'!J56 -> TRUE | V56: =K56='PRESUPUESTO OFICIAL'!K56 -> TRUE
D57: 4.11 | G57: Suministro y aplicación de aditivo para curado de concreto | H57: m2 | I57: 1 | J57: 8142 | K57: =+ROUND(I57*J57,0) -> 8142 | O57: =D57='PRESUPUESTO OFICIAL'!D57 -> TRUE | P57: =E57='PRESUPUESTO OFICIAL'!E57 -> TRUE | Q57: =F57='PRESUPUESTO OFICIAL'!F57 -> TRUE | R57: =G57='PRESUPUESTO OFICIAL'!G57 -> TRUE | S57: =H57='PRESUPUESTO OFICIAL'!H57 -> TRUE | T57: =I57='PRESUPUESTO OFICIAL'!I57 -> TRUE | U57: =J57='PRESUPUESTO OFICIAL'!J57 -> TRUE | V57: =K57='PRESUPUESTO OFICIAL'!K57 -> TRUE
D58: 4.12 | G58: Bordillo de 15x40 en concreto de 21 Mpa hecho en sitio (incluye refuerzo) | H58: m | I58: 1 | J58: 124061 | K58: =+ROUND(I58*J58,0) -> 124061 | O58: =D58='PRESUPUESTO OFICIAL'!D58 -> TRUE | P58: =E58='PRESUPUESTO OFICIAL'!E58 -> TRUE | Q58: =F58='PRESUPUESTO OFICIAL'!F58 -> TRUE | R58: =G58='PRESUPUESTO OFICIAL'!G58 -> TRUE | S58: =H58='PRESUPUESTO OFICIAL'!H58 -> TRUE | T58: =I58='PRESUPUESTO OFICIAL'!I58 -> TRUE | U58: =J58='PRESUPUESTO OFICIAL'!J58 -> TRUE | V58: =K58='PRESUPUESTO OFICIAL'!K58 -> TRUE
D59: 4.13 | G59: Realce de Pozos en concreto de 3000 psi (incluye demolición de concreto, mamposteria y refuerzo no incluye arotapa) | H59: und | I59: 1 | J59: 726287 | K59: =+ROUND(I59*J59,0) -> 726287 | O59: =D59='PRESUPUESTO OFICIAL'!D59 -> TRUE | P59: =E59='PRESUPUESTO OFICIAL'!E59 -> TRUE | Q59: =F59='PRESUPUESTO OFICIAL'!F59 -> TRUE | R59: =G59='PRESUPUESTO OFICIAL'!G59 -> TRUE | S59: =H59='PRESUPUESTO OFICIAL'!H59 -> TRUE | T59: =I59='PRESUPUESTO OFICIAL'!I59 -> TRUE | U59: =J59='PRESUPUESTO OFICIAL'!J59 -> TRUE | V59: =K59='PRESUPUESTO OFICIAL'!K59 -> TRUE
D60: 4.14 | G60: Retiro de material sobrante | H60: m3 | I60: 1 | J60: 39412 | K60: =+ROUND(I60*J60,0) -> 39412 | O60: =D60='PRESUPUESTO OFICIAL'!D60 -> TRUE | P60: =E60='PRESUPUESTO OFICIAL'!E60 -> TRUE | Q60: =F60='PRESUPUESTO OFICIAL'!F60 -> TRUE | R60: =G60='PRESUPUESTO OFICIAL'!G60 -> TRUE | S60: =H60='PRESUPUESTO OFICIAL'!H60 -> TRUE | T60: =I60='PRESUPUESTO OFICIAL'!I60 -> TRUE | U60: =J60='PRESUPUESTO OFICIAL'!J60 -> TRUE | V60: =K60='PRESUPUESTO OFICIAL'!K60 -> TRUE
D61: 4.15 | G61: Generacion y disposicion | H61: m3 | I61: 1 | J61: 17685 | K61: =+ROUND(I61*J61,0) -> 17685 | O61: =D61='PRESUPUESTO OFICIAL'!D61 -> TRUE | P61: =E61='PRESUPUESTO OFICIAL'!E61 -> TRUE | Q61: =F61='PRESUPUESTO OFICIAL'!F61 -> TRUE | R61: =G61='PRESUPUESTO OFICIAL'!G61 -> TRUE | S61: =H61='PRESUPUESTO OFICIAL'!H61 -> TRUE | T61: =I61='PRESUPUESTO OFICIAL'!I61 -> TRUE | U61: =J61='PRESUPUESTO OFICIAL'!J61 -> TRUE | V61: =K61='PRESUPUESTO OFICIAL'!K61 -> TRUE
I62: SUBTOTAL COMUNA 2 | K62: =SUM(K16:K61) -> 9596552 | O62: =D62='PRESUPUESTO OFICIAL'!D62 -> TRUE | P62: =E62='PRESUPUESTO OFICIAL'!E62 -> TRUE | Q62: =F62='PRESUPUESTO OFICIAL'!F62 -> TRUE | R62: =G62='PRESUPUESTO OFICIAL'!G62 -> TRUE | S62: =H62='PRESUPUESTO OFICIAL'!H62 -> TRUE | T62: =I62='PRESUPUESTO OFICIAL'!I62 -> TRUE | U62: =J62='PRESUPUESTO OFICIAL'!J62 -> TRUE | V62: =K62='PRESUPUESTO OFICIAL'!K62 -> TRUE
O63: =D63='PRESUPUESTO OFICIAL'!D63 -> TRUE | P63: =E63='PRESUPUESTO OFICIAL'!E63 -> TRUE | Q63: =F63='PRESUPUESTO OFICIAL'!F63 -> TRUE | R63: =G63='PRESUPUESTO OFICIAL'!G63 -> TRUE | S63: =H63='PRESUPUESTO OFICIAL'!H63 -> TRUE | T63: =I63='PRESUPUESTO OFICIAL'!I63 -> TRUE | U63: =J63='PRESUPUESTO OFICIAL'!J63 -> TRUE | V63: =K63='PRESUPUESTO OFICIAL'!K63 -> TRUE
D64: 2. REHABILITACION Y/O MANTENIMIENTO COMUNA 3 | O64: =D64='PRESUPUESTO OFICIAL'!D64 -> TRUE | P64: =E64='PRESUPUESTO OFICIAL'!E64 -> TRUE | Q64: =F64='PRESUPUESTO OFICIAL'!F64 -> TRUE | R64: =G64='PRESUPUESTO OFICIAL'!G64 -> TRUE | S64: =H64='PRESUPUESTO OFICIAL'!H64 -> TRUE | T64: =I64='PRESUPUESTO OFICIAL'!I64 -> TRUE | U64: =J64='PRESUPUESTO OFICIAL'!J64 -> TRUE | V64: =K64='PRESUPUESTO OFICIAL'!K64 -> TRUE
D65: REHABILITACION/MANTENIMIENTO EN ASFALTO | O65: =D65='PRESUPUESTO OFICIAL'!D65 -> TRUE | P65: =E65='PRESUPUESTO OFICIAL'!E65 -> TRUE | Q65: =F65='PRESUPUESTO OFICIAL'!F65 -> TRUE | R65: =G65='PRESUPUESTO OFICIAL'!G65 -> TRUE | S65: =H65='PRESUPUESTO OFICIAL'!H65 -> TRUE | T65: =I65='PRESUPUESTO OFICIAL'!I65 -> TRUE | U65: =J65='PRESUPUESTO OFICIAL'!J65 -> TRUE | V65: =K65='PRESUPUESTO OFICIAL'!K65 -> TRUE
D66: 5 | G66: PRELIMINARES | O66: =D66='PRESUPUESTO OFICIAL'!D66 -> TRUE | P66: =E66='PRESUPUESTO OFICIAL'!E66 -> TRUE | Q66: =F66='PRESUPUESTO OFICIAL'!F66 -> TRUE | R66: =G66='PRESUPUESTO OFICIAL'!G66 -> TRUE | S66: =H66='PRESUPUESTO OFICIAL'!H66 -> TRUE | T66: =I66='PRESUPUESTO OFICIAL'!I66 -> TRUE | U66: =J66='PRESUPUESTO OFICIAL'!J66 -> TRUE | V66: =K66='PRESUPUESTO OFICIAL'!K66 -> TRUE
D67: 5.01 | G67: Localizacion y replanteo | H67: m2 | I67: 1 | J67: 7213 | K67: =+I67*J67 -> 7213 | O67: =D67='PRESUPUESTO OFICIAL'!D67 -> TRUE | P67: =E67='PRESUPUESTO OFICIAL'!E67 -> TRUE | Q67: =F67='PRESUPUESTO OFICIAL'!F67 -> TRUE | R67: =G67='PRESUPUESTO OFICIAL'!G67 -> TRUE | S67: =H67='PRESUPUESTO OFICIAL'!H67 -> TRUE | T67: =I67='PRESUPUESTO OFICIAL'!I67 -> TRUE | U67: =J67='PRESUPUESTO OFICIAL'!J67 -> TRUE | V67: =K67='PRESUPUESTO OFICIAL'!K67 -> TRUE
D68: 5.02 | G68: Corte de pavimento existente | H68: m | I68: 1 | J68: 7868 | K68: =+I68*J68 -> 7868 | O68: =D68='PRESUPUESTO OFICIAL'!D68 -> TRUE | P68: =E68='PRESUPUESTO OFICIAL'!E68 -> TRUE | Q68: =F68='PRESUPUESTO OFICIAL'!F68 -> TRUE | R68: =G68='PRESUPUESTO OFICIAL'!G68 -> TRUE | S68: =H68='PRESUPUESTO OFICIAL'!H68 -> TRUE | T68: =I68='PRESUPUESTO OFICIAL'!I68 -> TRUE | U68: =J68='PRESUPUESTO OFICIAL'!J68 -> TRUE | V68: =K68='PRESUPUESTO OFICIAL'!K68 -> TRUE
D69: 5.03 | G69: Demolicion de pavimento existente | H69: m2 | I69: 1 | J69: 36623 | K69: =+I69*J69 -> 36623 | O69: =D69='PRESUPUESTO OFICIAL'!D69 -> TRUE | P69: =E69='PRESUPUESTO OFICIAL'!E69 -> TRUE | Q69: =F69='PRESUPUESTO OFICIAL'!F69 -> TRUE | R69: =G69='PRESUPUESTO OFICIAL'!G69 -> TRUE | S69: =H69='PRESUPUESTO OFICIAL'!H69 -> TRUE | T69: =I69='PRESUPUESTO OFICIAL'!I69 -> TRUE | U69: =J69='PRESUPUESTO OFICIAL'!J69 -> TRUE | V69: =K69='PRESUPUESTO OFICIAL'!K69 -> TRUE
D70: 5.04 | G70: Excavación mecánica en material sin clasificar | H70: m3 | I70: 1 | J70: 39182 | K70: =+ROUND(I70*J70,0) -> 39182 | O70: =D70='PRESUPUESTO OFICIAL'!D70 -> TRUE | P70: =E70='PRESUPUESTO OFICIAL'!E70 -> TRUE | Q70: =F70='PRESUPUESTO OFICIAL'!F70 -> TRUE | R70: =G70='PRESUPUESTO OFICIAL'!G70 -> TRUE | S70: =H70='PRESUPUESTO OFICIAL'!H70 -> TRUE | T70: =I70='PRESUPUESTO OFICIAL'!I70 -> TRUE | U70: =J70='PRESUPUESTO OFICIAL'!J70 -> TRUE | V70: =K70='PRESUPUESTO OFICIAL'!K70 -> TRUE
D71: 5.05 | G71: Conformación de subrasante | H71: m2 | I71: 1 | J71: 10002 | K71: =+ROUND(I71*J71,0) -> 10002 | O71: =D71='PRESUPUESTO OFICIAL'!D71 -> TRUE | P71: =E71='PRESUPUESTO OFICIAL'!E71 -> TRUE | Q71: =F71='PRESUPUESTO OFICIAL'!F71 -> TRUE | R71: =G71='PRESUPUESTO OFICIAL'!G71 -> TRUE | S71: =H71='PRESUPUESTO OFICIAL'!H71 -> TRUE | T71: =I71='PRESUPUESTO OFICIAL'!I71 -> TRUE | U71: =J71='PRESUPUESTO OFICIAL'!J71 -> TRUE | V71: =K71='PRESUPUESTO OFICIAL'!K71 -> TRUE
D72: 6 | G72: PAVIMENTO FLEXIBLE | O72: =D72='PRESUPUESTO OFICIAL'!D72 -> TRUE | P72: =E72='PRESUPUESTO OFICIAL'!E72 -> TRUE | Q72: =F72='PRESUPUESTO OFICIAL'!F72 -> TRUE | R72: =G72='PRESUPUESTO OFICIAL'!G72 -> TRUE | S72: =H72='PRESUPUESTO OFICIAL'!H72 -> TRUE | T72: =I72='PRESUPUESTO OFICIAL'!I72 -> TRUE | U72: =J72='PRESUPUESTO OFICIAL'!J72 -> TRUE | V72: =K72='PRESUPUESTO OFICIAL'!K72 -> TRUE
D73: 6.01 | G73: Suministro e instalacion de piedra para mejoramiento de subrasante (incluye Suministro, Extendido, Nivelación y Compactación con Vibrocompactador, incluye transporte) | H73: m3 | I73: 1 | J73: 243072 | K73: =+I73*J73 -> 243072 | O73: =D73='PRESUPUESTO OFICIAL'!D73 -> TRUE | P73: =E73='PRESUPUESTO OFICIAL'!E73 -> TRUE | Q73: =F73='PRESUPUESTO OFICIAL'!F73 -> TRUE | R73: =G73='PRESUPUESTO OFICIAL'!G73 -> TRUE | S73: =H73='PRESUPUESTO OFICIAL'!H73 -> TRUE | T73: =I73='PRESUPUESTO OFICIAL'!I73 -> TRUE | U73: =J73='PRESUPUESTO OFICIAL'!J73 -> TRUE | V73: =K73='PRESUPUESTO OFICIAL'!K73 -> TRUE
D74: 6.02 | G74: Suministro e instalacion de Recebo para mejoramiento de subrasante (incluye Suministro, Extendido, Nivelación y Compactación con Vibrocompactador , incluye transporte) | H74: m3 | I74: 1 | J74: 166178 | K74: =+I74*J74 -> 166178 | O74: =D74='PRESUPUESTO OFICIAL'!D74 -> TRUE | P74: =E74='PRESUPUESTO OFICIAL'!E74 -> TRUE | Q74: =F74='PRESUPUESTO OFICIAL'!F74 -> TRUE | R74: =G74='PRESUPUESTO OFICIAL'!G74 -> TRUE | S74: =H74='PRESUPUESTO OFICIAL'!H74 -> TRUE | T74: =I74='PRESUPUESTO OFICIAL'!I74 -> TRUE | U74: =J74='PRESUPUESTO OFICIAL'!J74 -> TRUE | V74: =K74='PRESUPUESTO OFICIAL'!K74 -> TRUE
D75: 6.03 | G75: Sub Base granular (incluye Suministro, Extendido, Nivelación y Compactación con Vibrocompactador l, incluye transporte) | H75: m3 | I75: 1 | J75: 187357 | K75: =+I75*J75 -> 187357 | O75: =D75='PRESUPUESTO OFICIAL'!D75 -> TRUE | P75: =E75='PRESUPUESTO OFICIAL'!E75 -> TRUE | Q75: =F75='PRESUPUESTO OFICIAL'!F75 -> TRUE | R75: =G75='PRESUPUESTO OFICIAL'!G75 -> TRUE | S75: =H75='PRESUPUESTO OFICIAL'!H75 -> TRUE | T75: =I75='PRESUPUESTO OFICIAL'!I75 -> TRUE | U75: =J75='PRESUPUESTO OFICIAL'!J75 -> TRUE | V75: =K75='PRESUPUESTO OFICIAL'!K75 -> TRUE
D76: 6.04 | G76: Base granular (incluye Suministro, Extendido, Nivelación y Compactación con Vibrocompactador, incluye transporte) | H76: m3 | I76: 1 | J76: 202580 | K76: =+ROUND(I76*J76,0) -> 202580 | O76: =D76='PRESUPUESTO OFICIAL'!D76 -> TRUE | P76: =E76='PRESUPUESTO OFICIAL'!E76 -> TRUE | Q76: =F76='PRESUPUESTO OFICIAL'!F76 -> TRUE | R76: =G76='PRESUPUESTO OFICIAL'!G76 -> TRUE | S76: =H76='PRESUPUESTO OFICIAL'!H76 -> TRUE | T76: =I76='PRESUPUESTO OFICIAL'!I76 -> TRUE | U76: =J76='PRESUPUESTO OFICIAL'!J76 -> TRUE | V76: =K76='PRESUPUESTO OFICIAL'!K76 -> TRUE
D77: 6.05 | G77: Suministro y aplicación de emulsion para Imprimacion asfaltica CRL-1 | H77: m2 | I77: 1 | J77: 6529 | K77: =+ROUND(I77*J77,0) -> 6529 | O77: =D77='PRESUPUESTO OFICIAL'!D77 -> TRUE | P77: =E77='PRESUPUESTO OFICIAL'!E77 -> TRUE | Q77: =F77='PRESUPUESTO OFICIAL'!F77 -> TRUE | R77: =G77='PRESUPUESTO OFICIAL'!G77 -> TRUE | S77: =H77='PRESUPUESTO OFICIAL'!H77 -> TRUE | T77: =I77='PRESUPUESTO OFICIAL'!I77 -> TRUE | U77: =J77='PRESUPUESTO OFICIAL'!J77 -> TRUE | V77: =K77='PRESUPUESTO OFICIAL'!K77 -> TRUE
D78: 6.06 | G78: Mezcla densa caliente 19 REHABILITACION (incluye Suministro, Extendido, Nivelación y Compactación con Vibrocompactador, incluye transporte) | H78: m3 | I78: 1 | J78: 1571027 | K78: =+ROUND(I78*J78,0) -> 1571027 | O78: =D78='PRESUPUESTO OFICIAL'!D78 -> TRUE | P78: =E78='PRESUPUESTO OFICIAL'!E78 -> TRUE | Q78: =F78='PRESUPUESTO OFICIAL'!F78 -> TRUE | R78: =G78='PRESUPUESTO OFICIAL'!G78 -> TRUE | S78: =H78='PRESUPUESTO OFICIAL'!H78 -> TRUE | T78: =I78='PRESUPUESTO OFICIAL'!I78 -> TRUE | U78: =J78='PRESUPUESTO OFICIAL'!J78 -> TRUE | V78: =K78='PRESUPUESTO OFICIAL'!K78 -> TRUE
D79: 6.07 | G79: Suministro e instalacion de Recebo para mejoramiento de subrasante (MANTENIMIENTO) (incluye Suministro, Extendido, Nivelación y Compactación con Vibrocompactador manual, incluye transporte) | H79: m3 | I79: 1 | J79: 174293 | K79: =+ROUND(I79*J79,0) -> 174293 | O79: =D79='PRESUPUESTO OFICIAL'!D79 -> TRUE | P79: =E79='PRESUPUESTO OFICIAL'!E79 -> TRUE | Q79: =F79='PRESUPUESTO OFICIAL'!F79 -> TRUE | R79: =G79='PRESUPUESTO OFICIAL'!G79 -> TRUE | S79: =H79='PRESUPUESTO OFICIAL'!H79 -> TRUE | T79: =I79='PRESUPUESTO OFICIAL'!I79 -> TRUE | U79: =J79='PRESUPUESTO OFICIAL'!J79 -> TRUE | V79: =K79='PRESUPUESTO OFICIAL'!K79 -> TRUE
D80: 6.08 | G80: Sub Base granular (MANTENIMIENTO) (incluye Suministro, Extendido, Nivelación y Compactación con Vibrocompactador , incluye transporte) | H80: m3 | I80: 1 | J80: 195472 | K80: =+ROUND(I80*J80,0) -> 195472 | O80: =D80='PRESUPUESTO OFICIAL'!D80 -> TRUE | P80: =E80='PRESUPUESTO OFICIAL'!E80 -> TRUE | Q80: =F80='PRESUPUESTO OFICIAL'!F80 -> TRUE | R80: =G80='PRESUPUESTO OFICIAL'!G80 -> TRUE | S80: =H80='PRESUPUESTO OFICIAL'!H80 -> TRUE | T80: =I80='PRESUPUESTO OFICIAL'!I80 -> TRUE | U80: =J80='PRESUPUESTO OFICIAL'!J80 -> TRUE | V80: =K80='PRESUPUESTO OFICIAL'!K80 -> TRUE
D81: 6.09 | G81: Base granular (MANTENIMIENTO) (incluye Suministro, Extendido, Nivelación y Compactación con Vibrocompactador, incluye transporte) | H81: m3 | I81: 1 | J81: 210695 | K81: =+ROUND(I81*J81,0) -> 210695 | O81: =D81='PRESUPUESTO OFICIAL'!D81 -> TRUE | P81: =E81='PRESUPUESTO OFICIAL'!E81 -> TRUE | Q81: =F81='PRESUPUESTO OFICIAL'!F81 -> TRUE | R81: =G81='PRESUPUESTO OFICIAL'!G81 -> TRUE | S81: =H81='PRESUPUESTO OFICIAL'!H81 -> TRUE | T81: =I81='PRESUPUESTO OFICIAL'!I81 -> TRUE | U81: =J81='PRESUPUESTO OFICIAL'!J81 -> TRUE | V81: =K81='PRESUPUESTO OFICIAL'!K81 -> TRUE
D82: 6.1 | G82: Suministro y aplicación de emulsion para Imprimacion asfaltica CRL-1 (mantenimiento) | H82: m2 | I82: 1 | J82: 6826 | K82: =+ROUND(I82*J82,0) -> 6826 | O82: =D82='PRESUPUESTO OFICIAL'!D82 -> TRUE | P82: =E82='PRESUPUESTO OFICIAL'!E82 -> TRUE | Q82: =F82='PRESUPUESTO OFICIAL'!F82 -> TRUE | R82: =G82='PRESUPUESTO OFICIAL'!G82 -> TRUE | S82: =H82='PRESUPUESTO OFICIAL'!H82 -> TRUE | T82: =I82='PRESUPUESTO OFICIAL'!I82 -> TRUE | U82: =J82='PRESUPUESTO OFICIAL'!J82 -> TRUE | V82: =K82='PRESUPUESTO OFICIAL'!K82 -> TRUE
D83: 6.11 | G83: Mezcla densa caliente 19 (MANTENIMIENTO) (incluye Suministro, Extendido, Nivelación y Compactación con Vibrocompactador , incluye transporte) | H83: m3 | I83: 1 | J83: 1575175 | K83: =+ROUND(I83*J83,0) -> 1575175 | O83: =D83='PRESUPUESTO OFICIAL'!D83 -> TRUE | P83: =E83='PRESUPUESTO OFICIAL'!E83 -> TRUE | Q83: =F83='PRESUPUESTO OFICIAL'!F83 -> TRUE | R83: =G83='PRESUPUESTO OFICIAL'!G83 -> TRUE | S83: =H83='PRESUPUESTO OFICIAL'!H83 -> TRUE | T83: =I83='PRESUPUESTO OFICIAL'!I83 -> TRUE | U83: =J83='PRESUPUESTO OFICIAL'!J83 -> TRUE | V83: =K83='PRESUPUESTO OFICIAL'!K83 -> TRUE
D84: 6.12 | G84: Bordillo de 15x40 en concreto de 21 Mpa hecho en sitio (incluye refuerzo) | H84: m | I84: 1 | J84: 124061 | K84: =+ROUND(I84*J84,0) -> 124061 | O84: =D84='PRESUPUESTO OFICIAL'!D84 -> TRUE | P84: =E84='PRESUPUESTO OFICIAL'!E84 -> TRUE | Q84: =F84='PRESUPUESTO OFICIAL'!F84 -> TRUE | R84: =G84='PRESUPUESTO OFICIAL'!G84 -> TRUE | S84: =H84='PRESUPUESTO OFICIAL'!H84 -> TRUE | T84: =I84='PRESUPUESTO OFICIAL'!I84 -> TRUE | U84: =J84='PRESUPUESTO OFICIAL'!J84 -> TRUE | V84: =K84='PRESUPUESTO OFICIAL'!K84 -> TRUE
D85: 6.13 | G85: Realce de Pozos en concreto de 3000 psi (incluye demolición de concreto, mamposteria y refuerzo no incluye arotapa) | H85: und | I85: 1 | J85: 726287 | K85: =+ROUND(I85*J85,0) -> 726287 | O85: =D85='PRESUPUESTO OFICIAL'!D85 -> TRUE | P85: =E85='PRESUPUESTO OFICIAL'!E85 -> TRUE | Q85: =F85='PRESUPUESTO OFICIAL'!F85 -> TRUE | R85: =G85='PRESUPUESTO OFICIAL'!G85 -> TRUE | S85: =H85='PRESUPUESTO OFICIAL'!H85 -> TRUE | T85: =I85='PRESUPUESTO OFICIAL'!I85 -> TRUE | U85: =J85='PRESUPUESTO OFICIAL'!J85 -> TRUE | V85: =K85='PRESUPUESTO OFICIAL'!K85 -> TRUE
D86: 6.14 | G86: Retiro de material sobrante | H86: m3 | I86: 1 | J86: 39412 | K86: =+ROUND(I86*J86,0) -> 39412 | O86: =D86='PRESUPUESTO OFICIAL'!D86 -> TRUE | P86: =E86='PRESUPUESTO OFICIAL'!E86 -> TRUE | Q86: =F86='PRESUPUESTO OFICIAL'!F86 -> TRUE | R86: =G86='PRESUPUESTO OFICIAL'!G86 -> TRUE | S86: =H86='PRESUPUESTO OFICIAL'!H86 -> TRUE | T86: =I86='PRESUPUESTO OFICIAL'!I86 -> TRUE | U86: =J86='PRESUPUESTO OFICIAL'!J86 -> TRUE | V86: =K86='PRESUPUESTO OFICIAL'!K86 -> TRUE
D87: 6.15 | G87: Generacion y disposicion | H87: m3 | I87: 1 | J87: 17685 | K87: =+ROUND(I87*J87,0) -> 17685 | O87: =D87='PRESUPUESTO OFICIAL'!D87 -> TRUE | P87: =E87='PRESUPUESTO OFICIAL'!E87 -> TRUE | Q87: =F87='PRESUPUESTO OFICIAL'!F87 -> TRUE | R87: =G87='PRESUPUESTO OFICIAL'!G87 -> TRUE | S87: =H87='PRESUPUESTO OFICIAL'!H87 -> TRUE | T87: =I87='PRESUPUESTO OFICIAL'!I87 -> TRUE | U87: =J87='PRESUPUESTO OFICIAL'!J87 -> TRUE | V87: =K87='PRESUPUESTO OFICIAL'!K87 -> TRUE
... D89: 6.17 | G89: Demarcacion de linea <12 cm | H89: m | I89: 1 | J89: 4645 | K89: =+ROUND(I89*J89,0) -> 4645 | O89: =D89='PRESUPUESTO OFICIAL'!D89 -> TRUE | P89: =E89='PRESUPUESTO OFICIAL'!E89 -> TRUE | Q89: =F89='PRESUPUESTO OFICIAL'!F89 -> TRUE | R89: =G89='PRESUPUESTO OFICIAL'!G89 -> TRUE | S89: =H89='PRESUPUESTO OFICIAL'!H89 -> TRUE | T89: =I89='PRESUPUESTO OFICIAL'!I89 -> TRUE | U89: =J89='PRESUPUESTO OFICIAL'!J89 -> TRUE | V89: =K89='PRESUPUESTO OFICIAL'!K89 -> TRUE
D90: REHABILITACION/MANTENIMIENTO EN CONCRETO | O90: =D90='PRESUPUESTO OFICIAL'!D90 -> TRUE | P90: =E90='PRESUPUESTO OFICIAL'!E90 -> TRUE | Q90: =F90='PRESUPUESTO OFICIAL'!F90 -> TRUE | R90: =G90='PRESUPUESTO OFICIAL'!G90 -> TRUE | S90: =H90='PRESUPUESTO OFICIAL'!H90 -> TRUE | T90: =I90='PRESUPUESTO OFICIAL'!I90 -> TRUE | U90: =J90='PRESUPUESTO OFICIAL'!J90 -> TRUE | V90: =K90='PRESUPUESTO OFICIAL'!K90 -> TRUE
D91: 7 | G91: PRELIMINARES | O91: =D91='PRESUPUESTO OFICIAL'!D91 -> TRUE | P91: =E91='PRESUPUESTO OFICIAL'!E91 -> TRUE | Q91: =F91='PRESUPUESTO OFICIAL'!F91 -> TRUE | R91: =G91='PRESUPUESTO OFICIAL'!G91 -> TRUE | S91: =H91='PRESUPUESTO OFICIAL'!H91 -> TRUE | T91: =I91='PRESUPUESTO OFICIAL'!I91 -> TRUE | U91: =J91='PRESUPUESTO OFICIAL'!J91 -> TRUE | V91: =K91='PRESUPUESTO OFICIAL'!K91 -> TRUE
D92: 7.01 | G92: Localizacion y replanteo | H92: m2 | I92: 1 | J92: 7213 | K92: =+I92*J92 -> 7213 | O92: =D92='PRESUPUESTO OFICIAL'!D92 -> TRUE | P92: =E92='PRESUPUESTO OFICIAL'!E92 -> TRUE | Q92: =F92='PRESUPUESTO OFICIAL'!F92 -> TRUE | R92: =G92='PRESUPUESTO OFICIAL'!G92 -> TRUE | S92: =H92='PRESUPUESTO OFICIAL'!H92 -> TRUE | T92: =I92='PRESUPUESTO OFICIAL'!I92 -> TRUE | U92: =J92='PRESUPUESTO OFICIAL'!J92 -> TRUE | V92: =K92='PRESUPUESTO OFICIAL'!K92 -> TRUE
D93: 7.02 | G93: Corte de pavimento existente | H93: m | I93: 1 | J93: 7868 | K93: =+I93*J93 -> 7868 | O93: =D93='PRESUPUESTO OFICIAL'!D93 -> TRUE | P93: =E93='PRESUPUESTO OFICIAL'!E93 -> TRUE | Q93: =F93='PRESUPUESTO OFICIAL'!F93 -> TRUE | R93: =G93='PRESUPUESTO OFICIAL'!G93 -> TRUE | S93: =H93='PRESUPUESTO OFICIAL'!H93 -> TRUE | T93: =I93='PRESUPUESTO OFICIAL'!I93 -> TRUE | U93: =J93='PRESUPUESTO OFICIAL'!J93 -> TRUE | V93: =K93='PRESUPUESTO OFICIAL'!K93 -> TRUE
D94: 7.03 | G94: Demolicion de pavimento existente | H94: m2 | I94: 1 | J94: 36623 | K94: =+I94*J94 -> 36623 | O94: =D94='PRESUPUESTO OFICIAL'!D94 -> TRUE | P94: =E94='PRESUPUESTO OFICIAL'!E94 -> TRUE | Q94: =F94='PRESUPUESTO OFICIAL'!F94 -> TRUE | R94: =G94='PRESUPUESTO OFICIAL'!G94 -> TRUE | S94: =H94='PRESUPUESTO OFICIAL'!H94 -> TRUE | T94: =I94='PRESUPUESTO OFICIAL'!I94 -> TRUE | U94: =J94='PRESUPUESTO OFICIAL'!J94 -> TRUE | V94: =K94='PRESUPUESTO OFICIAL'!K94 -> TRUE
D95: 7.04 | G95: Excavación mecánica en material sin clasificar | H95: m3 | I95: 1 | J95: 39182 | K95: =+ROUND(I95*J95,0) -> 39182 | O95: =D95='PRESUPUESTO OFICIAL'!D95 -> TRUE | P95: =E95='PRESUPUESTO OFICIAL'!E95 -> TRUE | Q95: =F95='PRESUPUESTO OFICIAL'!F95 -> TRUE | R95: =G95='PRESUPUESTO OFICIAL'!G95 -> TRUE | S95: =H95='PRESUPUESTO OFICIAL'!H95 -> TRUE | T95: =I95='PRESUPUESTO OFICIAL'!I95 -> TRUE | U95: =J95='PRESUPUESTO OFICIAL'!J95 -> TRUE | V95: =K95='PRESUPUESTO OFICIAL'!K95 -> TRUE
D96: 7.05 | G96: Conformación de subrasante | H96: m2 | I96: 1 | J96: 10002 | K96: =+ROUND(I96*J96,0) -> 10002 | O96: =D96='PRESUPUESTO OFICIAL'!D96 -> TRUE | P96: =E96='PRESUPUESTO OFICIAL'!E96 -> TRUE | Q96: =F96='PRESUPUESTO OFICIAL'!F96 -> TRUE | R96: =G96='PRESUPUESTO OFICIAL'!G96 -> TRUE | S96: =H96='PRESUPUESTO OFICIAL'!H96 -> TRUE | T96: =I96='PRESUPUESTO OFICIAL'!I96 -> TRUE | U96: =J96='PRESUPUESTO OFICIAL'!J96 -> TRUE | V96: =K96='PRESUPUESTO OFICIAL'!K96 -> TRUE
D97: 8 | G97: ESTRUCTURA DEL PAVIMENTO | O97: =D97='PRESUPUESTO OFICIAL'!D97 -> TRUE | P97: =E97='PRESUPUESTO OFICIAL'!E97 -> TRUE | Q97: =F97='PRESUPUESTO OFICIAL'!F97 -> TRUE | R97: =G97='PRESUPUESTO OFICIAL'!G97 -> TRUE | S97: =H97='PRESUPUESTO OFICIAL'!H97 -> TRUE | T97: =I97='PRESUPUESTO OFICIAL'!I97 -> TRUE | U97: =J97='PRESUPUESTO OFICIAL'!J97 -> TRUE | V97: =K97='PRESUPUESTO OFICIAL'!K97 -> TRUE
D98: 8.01 | G98: Suministro e instalacion de piedra para mejoramiento de subrasante (incluye Suministro, Extendido, Nivelación y Compactación con Vibrocompactador, incluye transporte) | H98: m3 | I98: 1 | J98: 243072 | K98: =+I98*J98 -> 243072 | O98: =D98='PRESUPUESTO OFICIAL'!D98 -> TRUE | P98: =E98='PRESUPUESTO OFICIAL'!E98 -> TRUE | Q98: =F98='PRESUPUESTO OFICIAL'!F98 -> TRUE | R98: =G98='PRESUPUESTO OFICIAL'!G98 -> TRUE | S98: =H98='PRESUPUESTO OFICIAL'!H98 -> TRUE | T98: =I98='PRESUPUESTO OFICIAL'!I98 -> TRUE | U98: =J98='PRESUPUESTO OFICIAL'!J98 -> TRUE | V98: =K98='PRESUPUESTO OFICIAL'!K98 -> TRUE
D99: 8.02 | G99: Suministro e instalacion de Recebo para mejoramiento de subrasante (incluye Suministro, Extendido, Nivelación y Compactación con Vibrocompactador , incluye transporte) | H99: m3 | I99: 1 | J99: 166178 | K99: =+I99*J99 -> 166178 | O99: =D99='PRESUPUESTO OFICIAL'!D99 -> TRUE | P99: =E99='PRESUPUESTO OFICIAL'!E99 -> TRUE | Q99: =F99='PRESUPUESTO OFICIAL'!F99 -> TRUE | R99: =G99='PRESUPUESTO OFICIAL'!G99 -> TRUE | S99: =H99='PRESUPUESTO OFICIAL'!H99 -> TRUE | T99: =I99='PRESUPUESTO OFICIAL'!I99 -> TRUE | U99: =J99='PRESUPUESTO OFICIAL'!J99 -> TRUE | V99: =K99='PRESUPUESTO OFICIAL'!K99 -> TRUE
D100: 8.03 | G100: Sub Base granular CONSTRUCCION (incluye Suministro, Extendido, Nivelación y Compactación con Vibrocompactador manual, incluye transporte) | H100: m3 | I100: 1 | J100: 187357 | K100: =+I100*J100 -> 187357 | O100: =D100='PRESUPUESTO OFICIAL'!D100 -> TRUE | P100: =E100='PRESUPUESTO OFICIAL'!E100 -> TRUE | Q100: =F100='PRESUPUESTO OFICIAL'!F100 -> TRUE | R100: =G100='PRESUPUESTO OFICIAL'!G100 -> TRUE | S100: =H100='PRESUPUESTO OFICIAL'!H100 -> TRUE | T100: =I100='PRESUPUESTO OFICIAL'!I100 -> TRUE | U100: =J100='PRESUPUESTO OFICIAL'!J100 -> TRUE | V100: =K100='PRESUPUESTO OFICIAL'!K100 -> TRUE
D101: 8.04 | G101: Base granular CONSTRUCCION (incluye Suministro, Extendido, Nivelación y Compactación con Vibrocompactador manual, incluye transporte) | H101: m3 | I101: 1 | J101: 202580 | K101: =+ROUND(I101*J101,0) -> 202580 | O101: =D101='PRESUPUESTO OFICIAL'!D101 -> TRUE | P101: =E101='PRESUPUESTO OFICIAL'!E101 -> TRUE | Q101: =F101='PRESUPUESTO OFICIAL'!F101 -> TRUE | R101: =G101='PRESUPUESTO OFICIAL'!G101 -> TRUE | S101: =H101='PRESUPUESTO OFICIAL'!H101 -> TRUE | T101: =I101='PRESUPUESTO OFICIAL'!I101 -> TRUE | U101: =J101='PRESUPUESTO OFICIAL'!J101 -> TRUE | V101: =K101='PRESUPUESTO OFICIAL'!K101 -> TRUE
D102: 8.05 | G102: Acero para barras pasa junta o dovelas | H102: kg | I102: 1 | J102: 11444 | K102: =+ROUND(I102*J102,0) -> 11444 | O102: =D102='PRESUPUESTO OFICIAL'!D102 -> TRUE | P102: =E102='PRESUPUESTO OFICIAL'!E102 -> TRUE | Q102: =F102='PRESUPUESTO OFICIAL'!F102 -> TRUE | R102: =G102='PRESUPUESTO OFICIAL'!G102 -> TRUE | S102: =H102='PRESUPUESTO OFICIAL'!H102 -> TRUE | T102: =I102='PRESUPUESTO OFICIAL'!I102 -> TRUE | U102: =J102='PRESUPUESTO OFICIAL'!J102 -> TRUE | V102: =K102='PRESUPUESTO OFICIAL'!K102 -> TRUE
D103: 8.06 | G103: Acero de refuerzo de 420 Mpa o (60,000 psi) | H103: kg | I103: 1 | J103: 11876 | K103: =+ROUND(I103*J103,0) -> 11876 | O103: =D103='PRESUPUESTO OFICIAL'!D103 -> TRUE | P103: =E103='PRESUPUESTO OFICIAL'!E103 -> TRUE | Q103: =F103='PRESUPUESTO OFICIAL'!F103 -> TRUE | R103: =G103='PRESUPUESTO OFICIAL'!G103 -> TRUE | S103: =H103='PRESUPUESTO OFICIAL'!H103 -> TRUE | T103: =I103='PRESUPUESTO OFICIAL'!I103 -> TRUE | U103: =J103='PRESUPUESTO OFICIAL'!J103 -> TRUE | V103: =K103='PRESUPUESTO OFICIAL'!K103 -> TRUE
D104: 8.07 | G104: Concreto Premezclado MR 38 - 4 pulgadas mantenimiento - 28 días CONSTRUCCION (incluye suministro, transporte, instalación de concreto)- (No incluye curado, cordón de espuma de polietileno, sellador de juntas, acero de barras pasajunta, barras de amarre ni acero canastilla) | H104: m3 | I104: 1 | J104: 1026969 | K104: =+ROUND(I104*J104,0) -> 1026969 | O104: =D104='PRESUPUESTO OFICIAL'!D104 -> TRUE | P104: =E104='PRESUPUESTO OFICIAL'!E104 -> TRUE | Q104: =F104='PRESUPUESTO OFICIAL'!F104 -> TRUE | R104: =G104='PRESUPUESTO OFICIAL'!G104 -> TRUE | S104: =H104='PRESUPUESTO OFICIAL'!H104 -> TRUE | T104: =I104='PRESUPUESTO OFICIAL'!I104 -> TRUE | U104: =J104='PRESUPUESTO OFICIAL'!J104 -> TRUE | V104: =K104='PRESUPUESTO OFICIAL'!K104 -> TRUE
D105: 8.08 | G105: Concreto Premezclado MR 41 - 4 pulgadas mantenimiento - 28 días CONSTRUCCION (incluye suministro, transporte, instalación de concreto)- (No incluye curado, cordón de espuma de polietileno, sellador de juntas, acero de barras pasajunta, barras de amarre ni acero canastilla) | H105: m3 | I105: 1 | J105: 1081488 | K105: =+ROUND(I105*J105,0) -> 1081488 | O105: =D105='PRESUPUESTO OFICIAL'!D105 -> TRUE | P105: =E105='PRESUPUESTO OFICIAL'!E105 -> TRUE | Q105: =F105='PRESUPUESTO OFICIAL'!F105 -> TRUE | R105: =G105='PRESUPUESTO OFICIAL'!G105 -> TRUE | S105: =H105='PRESUPUESTO OFICIAL'!H105 -> TRUE | T105: =I105='PRESUPUESTO OFICIAL'!I105 -> TRUE | U105: =J105='PRESUPUESTO OFICIAL'!J105 -> TRUE | V105: =K105='PRESUPUESTO OFICIAL'!K105 -> TRUE
...

Sheet INDICAR CÓDIGO DEL ITEM DE PAGO
C3: Formulario 1 - Propuesta económica - Documento tipo de licitación de obra pública de infraestructura de transporte - versión 3
C4: Código | D4: CCE-EICP-FM-14 | E4: Versión | F4: 3
C6: [La entidad podrá utilizar este formato para la presentación de los análisis de precios unitarios del contratista en la oportunidad prevista en el numeral 8.1. del Documento Base]
D9: [NOMBRE DE LA ENTIDAD]
L10: VERSIÓN
D11: [NÚMERO DEL PROCESO]
L12: PÁGINA | M12: 1 | N12: DE | O12: 1
D14: ANALISIS DE PRECIOS UNITARIOS
L16: FECHA | M16: DD | N16: MM | O16: AA
C18: ÍTEMS DE LA PROPUESTA ECONÓMICA | I18: ÍTEMS NO PREVISTOS
C22: DATOS ESPECÍFICOS
C24: ÍTEM | D24: DESCRIPCIÓN | M24: UNIDAD | O24: CANTIDAD
C26: I. EQUIPO
C29: DESCRIPCIÓN | H29: MARCA | J29: TIPO | L29: TARIFA/HORA | M29: RENDIMIENTO | O29: Vr. UNITARIO
C33: SUBTOTAL $
C34: II. MATERIALES
C37: DESCRIPCIÓN | K37: UNIDAD | L37: CANTIDAD | M37: PRECIO UNIT. | O37: Vr. UNITARIO
C40: SUBTOTAL $ | O40: 0
C41: III. TRANSPORTES
C44: MATERIAL | J44: VOL. o PESO | K44: DISTANCIA | L44: M3 o Ton/Km | M44: TARIFA | O44: Vr. UNITARIO
C47: SUBTOTAL $
C48: IV. MANO DE OBRA
C51: TRABAJADOR | J51: JORNAL | K51: PRESTACIONES | L51: JORNAL TOTAL | M51: RENDIMIENTO | O51: Vr. UNITARIO
C56: SUBTOTAL $
C58: TOTAL COSTO DIRECTO $
C59: V. COSTOS INDIRECTOS
C62: Descripción | L62: Porcentaje | M62: Valor Total
C63: ADMINISTRACION
C64: IMPREVISTOS
C65: UTILIDAD
C66: SUBTOTAL $
C68: Precio Unitario Total Aproximado al peso $
H72: Firma
H73: Nombre:
H74: Representante Legal del Contratista o su Apoderado
H75: Matricula No. :
C77: OBSERVACIONES INTERVENTORÍA
C81: APROBACIÓN POR INTERVENTORÍA
C82: Nota 1: Cuando se trate de Análisis de precios unitarios correspondientes a ítems de la propuesta económica aprobada, el Interventor aprueba el desglose de los componentes manteniendo el mismo precio unitario de cada ítem, cumpliendo con las especificaciones de construcción vigentes para el proyecto.
C84: Nota 2: Cuando se trate de Análisis de precios unitarios de ítems no previstos, el Interventor aprueba el desglose y precio unitario de cada ítem no previsto, exigiendo la aplicación de los costos correspondientes a insumos y tarifas de la propuesta económica inicial cuando estén contemplados, cumpliendo con las especificaciones de construcción vigente para el proyecto.
H87: Firma
H88: Nombre:
H89: Representante Legal del Interventor o su Apoderado
H90: Matricula No. :
